 Dungeon Crawl Stone Soup version 0.30-a0-1043-g60ff8d5f49 (webtiles) character file.

Game seed: 6767717696017029554

12441069 jazmu the Archmage (level 27, 273/273 HPs)
             Began as a Demigod Hunter on Apr 6, 2023.
             Escaped with the Orb
             ... and 15 runes on Apr 9, 2023!
             The game lasted 07:40:28 (133131 turns).

jazmu the Archmage (Demigod Hunter)               Turns: 133131, Time: 07:40:28

Health: 273/273    AC: 17    Str: 10 (11) XL:     27
Magic:  70/70      EV: 83    Int: 28      God:
Gold:   14185      SH: 30    Dex: 63      Spells: 31/80 levels left

rFire   + + +      SeeInvis .    X - +9 hand crossbow (elec)
rCold   + + +      Faith    .    j - +2 shield of Resistance {rF++ rC++ Will++}
rNeg    + + +      Spirit   .    E - +3 robe of Clouds {*Thunder rCloud rElec}
rPois   +          Reflect  .    G - +2 hat "Nududesch" {rC+}
rElec   +          Rampage  .    N - +1 cloak of Starlight {*Dazzle EV+4 Stlth--}
rCorr   .          Clarity  +    F - +3 pair of gloves of Dishonour {Fly Int+2 Dex+4}
Will    ++++.                    p - +0 pair of boots of Ugozxiun {Fly Dex+3 Slay+2}
Stlth   +                        r - macabre finger necklace {Finger+ rN+}
HPRegen 0.65/turn                Z - ring "Lixtenga" {rPois rN+ Dex+5}
MPRegen 0.42/turn                S - ring "Hoem" {rPois MP+9 Int+4 Slay+3}
                                 V - ring of Joun {rPois rF+ rN+ Dex+6}

@: flying, studying 7 skills
A: high MP 1, forlorn, divine attributes, agile 1, clarity, noise suppression
0: Orb of Zot
}: 15/15 runes: decaying, slimy, silver, golden, iron, obsidian, icy, bone,
abyssal, demonic, glowing, magical, fiery, dark, gossamer
a: no special abilities


You escaped.
You visited 18 branches of the dungeon, and saw 88 of its levels.
You visited Pandemonium 4 times, and saw 23 of its levels.
You visited the Abyss 6 times.
You visited 4 ziggurats (completing 2), and saw 86 of their levels.
You also visited: Trove, Ice Cave, Wizlab and Desolation.

You collected 20981 gold pieces.
You spent 6796 gold pieces at shops.

Inventory:

Hand Weapons
 w - the +6 Majin-Bo {spellvamp, MP+6 Int+6}
   (You found it on level 2 of the Depths)

   Int:       It affects your intelligence (+6).
   MP:        It affects your magic capacity (+6).
 P - the +10 arbalest "Jelly's Demise" {penet, rF+ rCorr Stlth-}
   (You bought it in a shop on level 2 of the Elven Halls)

   rF:        It protects you from fire.
   rCorr:     It protects you from acid and corrosion.
   Stlth:     It makes you less stealthy.
 X - a +9 hand crossbow of electrocution (weapon)
Armour
 j - the +2 shield of Resistance (worn) {rF++ rC++ Will++}
   (You took it off a deep elf high priest on level 3 of the Elven Halls)

   rF:        It greatly protects you from fire.
   rC:        It greatly protects you from cold.
   Will:      It greatly increases your willpower.
 p - the +0 pair of boots of Ugozxiun (worn) {Fly Dex+3 Slay+2}
   (You found it on level 3 of the Depths)

   Dex:       It affects your dexterity (+3).
   Slay:      It affects your accuracy & damage with ranged weapons and melee
   (+2).
   Fly:       It grants you flight.
 E - the +3 robe of Clouds (worn) {*Thunder rCloud rElec}
   (You took it off Cloud Mage in a wizard's laboratory)

   *Thunder:  It occasionally creates storm clouds above nearby enemies.
   rCloud:    It grants its wearer immunity to clouds.
   rElec:     It insulates you from electricity.
 F - the +3 pair of gloves of Dishonour (worn) {Fly Int+2 Dex+4}
   (You found it on level 21 of a ziggurat)

   Int:       It affects your intelligence (+2).
   Dex:       It affects your dexterity (+4).
   Fly:       It grants you flight.
 G - the +2 hat "Nududesch" (worn) {rC+}
   (You found it on level 13 of a ziggurat)

   rC:        It protects you from cold.
 K - the +0 pair of gloves of the Contumacious God {rElec rN+ Int+5}
   (You found it on level 12 of a ziggurat)

   Int:       It affects your intelligence (+5).
   rElec:     It insulates you from electricity.
   rN:        It protects you from negative energy.
 N - the +1 cloak of Starlight (worn) {*Dazzle EV+4 Stlth--}
   (You found it on level 25 of a ziggurat)

   *Dazzle:   It may blind those who miss an attack against the wearer in melee
   combat.
   EV:        It affects your evasion (+4).
   Stlth:     It makes you much less stealthy.
Jewellery
 r - the macabre finger necklace (around neck) {Finger+ rN+}
   (You bought it in a shop on level 1 of the Elven Halls)

   [amulet of nothing]

   Finger+:   It enables you to equip an extra ring.
   rN:        It protects you from negative energy.
 y - the ring of Fuan {rN+ Will+ Str+6 Slay+3 Stlth+}
   (You found it on level 13 of a ziggurat)

   [ring of strength]

   Str:       It affects your strength (+6).
   Slay:      It affects your accuracy & damage with ranged weapons and melee
   (+3).
   rN:        It protects you from negative energy.
   Will:      It increases your willpower.
   Stlth:     It makes you more stealthy.
 A - a ring of protection from fire
 H - a ring of protection from cold
 L - a ring of protection from cold
 Q - the ring "Zerith" {rF+ Will+ Str+2 Int+6 Stlth-}
   (You found it on level 3 of the Elven Halls)

   [ring of intelligence]

   Str:       It affects your strength (+2).
   Int:       It affects your intelligence (+6).
   rF:        It protects you from fire.
   Will:      It increases your willpower.
   Stlth:     It makes you less stealthy.
 S - the ring "Hoem" (right hand) {rPois MP+9 Int+4 Slay+3}
   (You found it on level 16 of a ziggurat)

   [ring of poison resistance]

   Int:       It affects your intelligence (+4).
   Slay:      It affects your accuracy & damage with ranged weapons and melee
   (+3).
   rPois:     It protects you from poison.
   MP:        It affects your magic capacity (+9).
 V - the ring of Joun (on amulet) {rPois rF+ rN+ Dex+6}
   (You found it on level 23 of a ziggurat)

   [ring of dexterity]

   Dex:       It affects your dexterity (+6).
   rF:        It protects you from fire.
   rPois:     It protects you from poison.
   rN:        It protects you from negative energy.
 Y - the ring of the King {Wiz rElec}
   (You found it on level 11 of a ziggurat)

   [ring of wizardry]

   It improves your spell success rate.
   rElec:     It insulates you from electricity.
 Z - the ring "Lixtenga" (left hand) {rPois rN+ Dex+5}
   (You found it on level 11 of a ziggurat)

   [ring of poison resistance]

   Dex:       It affects your dexterity (+5).
   rPois:     It protects you from poison.
   rN:        It protects you from negative energy.
Wands
 B - a wand of iceblast (63)
 C - a wand of digging (11)
 J - a wand of charming (3)
 M - a wand of quicksilver (57)
Scrolls
 b - 7 scrolls of immolation
 f - 10 scrolls of blinking
 h - 2 scrolls of silence
 k - 54 scrolls of teleportation
 m - 12 scrolls of poison
 o - 2 scrolls of summoning
 t - 7 scrolls of magic mapping
 v - 33 scrolls of fog
 x - 10 scrolls of fear
 D - 2 scrolls of enchant armour
 I - 2 scrolls of amnesia
Potions
 a - a potion of magic
 g - 8 potions of cancellation
 i - 18 potions of curing
 n - 3 potions of heal wounds
 q - 11 potions of haste
 u - 2 potions of resistance
 z - 10 potions of brilliance
 O - 23 potions of mutation
 U - 5 potions of invisibility
Miscellaneous
 c - a phantom mirror
 d - the horn of Geryon
 e - a phial of floods
 l - a box of beasts
 s - a tin of tremorstones (2/2)
 R - a condenser vane


   Skills:
 O Level 27 Fighting
 - Level 10.5 Staves
 O Level 27 Ranged Weapons
 - Level 16.3 Armour
 O Level 27 Dodging
 - Level 0.8 Stealth
 O Level 27 Shields
 O Level 27 Spellcasting
 - Level 26.4 Conjurations
 - Level 15.6 Hexes
 - Level 15.3 Necromancy
 - Level 20.2 Transmutations
 - Level 21.0 Fire Magic
 O Level 27 Ice Magic
 - Level 3.1 Earth Magic
 + Level 26.2 Evocations


You had 31 spell levels left.
You knew the following spells:

 Your Spells              Type           Power      Damage    Failure   Level
a - Polar Vortex          Ice            56%        N/A       1%          9
b - Discord               Hex            45%        N/A       8%          8
c - Wereblood             Tmut           100%       N/A       0%          2
e - Fire Storm            Conj/Fire      53%        8d14      4%          9
i - Ignition              Fire           51%        3d14      1%          8
n - Necromutation         Tmut/Necr      47%        N/A       3%          8
x - Borgnjor's Vile Clut  Necr/Erth      37%        N/A       1%          5

Your spell library contained the following spells:

 Spells                   Type           Power      Damage    Failure   Level
 Beastly Appendage        Tmut           100%       N/A       0%          1
 Foxfire                  Conj/Fire      100%       2x1d9     0%          1
 Freeze                   Ice            100%       1d10      0%          1
 Kiss of Death            Conj/Necr      100%       2d13      0%          1
 Magic Dart               Conj           100%       1d8       0%          1
 Necrotise                Necr           100%       1d9       0%          1
 Shock                    Conj/Air       100%       1d9       0%          1
 Sting                    Tmut/Pois      100%       1d8       0%          1
 Ensorcelled Hibernation  Hex/Ice        100%       N/A       0%          2
 Momentum Strike          Conj/Tloc      100%       3d10      0%          2
 Passwall                 Tmut/Erth      66%        N/A       0%          2
 Scorch                   Fire           100%       2d9       0%          2
 Searing Ray              Conj           100%       2d8       0%          2
 Static Discharge         Conj/Air       100%       2-7/arc   0%          2
 Sublimation of Blood     Necr           89%        N/A       0%          2
 Confusing Touch          Hex            90%        N/A       0%          3
 Dazzling Flash           Conj/Hex       100%       N/A       0%          3
 Frozen Ramparts          Ice            100%       1d16      0%          3
 Hailstorm                Conj/Ice       100%       3d20      0%          3
 Ignite Poison            Fire/Tmut/Pois 86%        N/A       0%          3
 Inner Flame              Hex/Fire       96%        N/A       0%          3
 Ozocubu's Armour         Ice            100%       N/A       0%          3
 Stone Arrow              Conj/Erth      100%       3d13      0%          3
 Tukima's Dance           Hex            90%        N/A       0%          3
 Vampiric Draining        Necr           89%        2d12      0%          3
 Anguish                  Hex/Necr       45%        N/A       0%          4
 Animate Dead             Necr           89%        N/A       0%          4
 Cause Fear               Hex            45%        N/A       0%          4
 Dispel Undead            Necr           89%        3d28      0%          4
 Flame Wave               Conj/Fire      100%       2d21      0%          4
 Fulminant Prism          Conj/Hex       51%        3d22      0%          4
 Ice Form                 Ice/Tmut       100%       N/A       0%          4
 Sticky Flame             Conj/Fire      100%       2d11      0%          4
 Blade Hands              Tmut           50%        N/A       0%          5
 Fireball                 Conj/Fire      53%        3d21      0%          5
 Freezing Cloud           Conj/Ice/Air   47%        6-21      0%          5
 Irradiate                Conj/Tmut      53%        3d29      0%          5
 Iskenderun's Battlesphe  Conj           100%       2d15      0%          5
 Metabolic Englaciation   Hex/Ice        51%        N/A       0%          5
 Yara's Violent Unravell  Hex/Tmut       47%        3d18      0%          5
 Starburst                Conj/Fire      53%        6d14      0%          6
 Orb of Destruction       Conj           55%        9d14      0%          7
 Ozocubu's Refrigeration  Ice            56%        4d19      0%          7
 Apportation              Tloc           74%        N/A       1%          1
 Sandblast                Erth           100%       2d20      1%          1
 Summon Small Mammal      Summ           100%       N/A       1%          1
 Blink                    Tloc           74%        N/A       1%          2
 Call Imp                 Summ           74%        N/A       1%          2
 Cigotuvi's Dreadful Rot  Necr/Pois/Air  100%       N/A       1%          2
 Lesser Beckoning         Tloc           74%        N/A       1%          2
 Poisonous Vapours        Pois/Air       74%        N/A       1%          2
 Call Canine Familiar     Summ           37%        N/A       1%          3
 Gell's Gravitas          Tloc           37%        N/A       1%          3
 Mephitic Cloud           Conj/Pois/Air  72%        N/A       1%          3
 Portal Projectile        Hex/Tloc       100%       N/A       1%          3
 Spider Form              Tmut/Pois      76%        N/A       1%          3
 Summon Guardian Golem    Hex/Summ       69%        N/A       1%          3
 Swiftness                Air            37%        N/A       1%          3
 Teleport Other           Tloc           37%        N/A       1%          3
 Vhi's Electric Charge    Tloc/Air       74%        N/A       1%          3
 Volatile Blastmotes      Fire/Tloc      100%       2d18      1%          3
 Iskenderun's Mystic Bla  Conj/Tloc      84%        2d17      1%          4
 Leda's Liquefaction      Hex/Erth       37%        N/A       1%          4
 Petrify                  Tmut/Erth      80%        N/A       1%          4
 Summon Ice Beast         Ice/Summ       85%        N/A       1%          4
 Agony                    Necr           89%        N/A       1%          5
 Alistair's Intoxication  Tmut/Pois      50%        N/A       1%          5
 Arcjolt                  Conj/Air       42%        1d52      1%          5
 Silence                  Hex/Air        34%        N/A       1%          5
 Summon Mana Viper        Hex/Summ       69%        N/A       1%          5
 Conjure Ball Lightning   Conj/Air       42%        3x3d15    1%          6
 Death Channel            Necr           44%        N/A       1%          6
 Eringya's Noxious Bog    Tmut/Pois      38%        N/A       1%          6
 Iron Shot                Conj/Erth      44%        9d9       1%          6
 Plasma Beam              Fire/Air       38%        2x1d57    1%          6
 Simulacrum               Ice/Necr       51%        N/A       1%          6
 Statue Form              Tmut/Erth      53%        N/A       1%          6
 Dragon Form              Tmut           50%        N/A       1%          7
 Enfeeble                 Hex            45%        N/A       1%          7
 Spellforged Servitor     Conj/Summ      42%        N/A       2%          7
 Animate Armour           Summ/Erth      92%        N/A       3%          4
 Lee's Rapid Deconstruct  Erth           26%        3d14*     5%          5
 Airstrike                Air            18%        2d(3-19)  7%          4
 Manifold Assault         Tloc           37%        N/A       7%          4
 Olgreb's Toxic Radiance  Pois           37%        N/A       7%          4
 Passage of Golubria      Tloc           37%        N/A       7%          4
 Summon Lightning Spire   Summ/Air       37%        N/A       7%          4
 Borgnjor's Revivificati  Necr           44%        N/A       9%          8
 Infestation              Necr           44%        N/A       9%          8
 Storm Form               Tmut/Air       38%        N/A       10%         7
 Lehudib's Crystal Spear  Conj/Erth      44%        10d11     11%         8
 Summon Forest            Summ/Tloc      18%        N/A       19%         5
 Haunt                    Necr/Summ      34%        N/A       26%         7
 Dispersal                Tloc           18%        N/A       71%         6
 Summon Cactus Giant      Summ           18%        N/A       71%         6
 Death's Door             Necr           44%        N/A       80%         9
 Chain Lightning          Conj/Air       42%        3d56      97%         9
 Malign Gateway           Summ/Tloc      18%        N/A       99%         7
 Monstrous Menagerie      Summ           18%        N/A       99%         7
 Disjunction              Tloc           18%        N/A       100%        8
 Maxwell's Capacitive Co  Air            18%        ∞         100%        8
 Summon Horrible Things   Summ           18%        N/A       100%        8
 Dragon's Call            Summ           18%        N/A       100%        9
 Shatter                  Erth           26%        3d22*     100%        9


Dungeon Overview and Level Annotations

Branches:
Dungeon (15/15)            Temple (1/1) D:5            Lair (5/5) D:11
  Swamp (4/4) Lair:2       Spider (4/4) Lair:3        Slime (5/5) Lair:4
    Orc (2/2) D:10            Elf (3/3) Orc:2        Vaults (5/5) D:14
  Crypt (3/3) Vaults:2       Tomb (3/3) Crypt:3      Depths (4/4) D:15
   Hell (visited)             Dis (7/7) Hell            Geh (7/7) Hell
    Coc (7/7) Hell            Tar (7/7) Hell            Zot (5/5) Depths:4
  IceCv (visited)          WizLab (visited)         Desolation (visited)

Shops:
D:10 [   Orc:2 (![(   Elf:1 =([(?   Elf:2 (=   Elf:3 *   Vaults:5 [
Depths:3 (*!*?   Depths:4 :=:*!

Portals:
Hell: Depths:1 Depths:2 Depths:3 Depths:4
Abyss: Depths:3 Depths:4
Pandemonium: Depths:2

Annotations:
Geh:6 9 runed translucent doors


Innate Abilities, Weirdness & Mutations

You have an increased reservoir of magic. (+10% MP)
You shall have no god before yourself.
Your divine heritage dramatically boosts your attributes as you level up.
You are agile. (Dex +4, Str/Int -1)
You possess an exceptional clarity of mind.
You passively dampen the noise of your surroundings.


Message History

Where to? (Enter - D:1, ? - help)
You see here a +0 hand axe.
There is a stone staircase leading up here.
You fly upwards.
There is a stone staircase leading down here.
There is a stone staircase leading up here.
You fly upwards.
There is a stone staircase leading down here.
HP restored.
There is a stone staircase leading up here.
You fly upwards.
There is a stone staircase leading down here.
Your transformation is almost over.
A hell beast comes into view.
You shoot a bolt. The bolt hits the hell beast!!!!
The hell beast is almost dead.
You shoot a bolt. The bolt hits the hell beast!!!
You kill the hell beast!
No target in view!
No target in view!
You feel yourself come back to life.
An Orb Guardian comes into view.
No reachable target in view!
No reachable target in view!
No target in view!
No target in view!
You shoot a bolt. The bolt hits the Orb Guardian!!
The Orb Guardian is moderately wounded.
Storm clouds gather above the Orb Guardian.
The Orb Guardian is engulfed in a thunderstorm.
The Orb Guardian hits you but does no damage.
You shoot a bolt. The bolt hits the Orb Guardian!!
The Orb Guardian is almost dead.
The Orb Guardian closely misses you.
You shoot a bolt. The bolt hits the Orb Guardian!!
Lightning courses through the Orb Guardian!!
You kill the Orb Guardian!
No target in view!
There is a staircase leading out of the dungeon here.
You have escaped!

##...#######.#######.[.## #.
##..##.######.######.##..# #.
#..####.#####.#####.####.# #.
#.######.####.####.#####.####.
#.#######.###.###.#####.......
####.########.##.##.######.......
#.......######.#.#.######........
###############.#.#####.........#
#.......#@#.......########
########.#.######## #....
########.#.#.####### #....
#######.##.##.####### #....
######.###.###.########....
###########.####.####.####.......
......####.#####.#####.####......
.......##.######.######.##..#....
.........#######.#######..[##....


There were no monsters in sight!

Vanquished Creatures
  Cerebov (Pan)
  Antaeus (Coc:7)
  Asmodeus (Geh:7)
  Dissolution (Slime:3)
  the Royal Jelly (Slime:5)
  Ereshkigal (Tar:7)
  the Serpent of Hell (Geh:7)
  Lom Lobon (Pan)
  Mnoleg (Pan)
  Dispater (Dis:7)
  14 ancient liches
  17 dread liches
  6 orbs of fire
  Sojobo (Vaults:4)
  7 juggernauts
  49 royal mummies
  Josephina (Depths:4)
  Parghit (Zot:2)
  9 pandemonium lords
  15 shard shrikes
  Frederick (Crypt:1)
  Geryon (Hell)
  2 Killer Klowns (Zot:5)
  55 caustic shrikes
  Xtahua (Vaults:4)
  5 curse toes
  44 golden dragons
  Nikola (Spider:3)
  8 profane servitors
  Arachne (Spider:2)
  4 pearl dragons
  28 bone dragons
  13 Tzitzimimeh
  9 doom hounds
  18 Brimstone Fiends
  35 hellephants
  27 electric golems
  Cloud Mage (WizLab)
  Zenata (Vaults:3)
  27 Ice Fiends
  52 tentacled monstrosities
  21 Hell Sentinels
  A spectral shard shrike (Tar:3)
  13 iron giants
  Jorgrun (Spider:1)
  10 tainted leviathans
  Grunn (Crypt:1)
  2 walking divine tomes (Depths:3)
  34 liches
  8 deep elf master archers
  27 titans
  A shard shrike skeleton (Crypt:1)
  5 deep elf blademasters
  22 quicksilver dragons
  Asterion (Elf:1)
  A quicksilver dragon (shapeshifter) (Zig:2)
  44 searing wretches
  27 Orb Guardians
  2 walking earthen tomes (Depths:3)
  27 ancient champions
  21 Executioners
  43 acid blobs
  An eldritch tentacle (Pan)
  7 death cobs
  14 sphinxes
  59 tentacled starspawn
  9 thorn hunters
  16 tengu reavers
  38 storm dragons
  22 azure jellies
  99 nagarajas
  16 shadow dragons
  12 demonspawn warmongers
  19 rockslimes
  Donald (Spider:3)
  16 revenants
  18 daevas
  8 draconian monks
  Roxanne (D:14)
  24 draconian knights
  27 fire giants
  11 iron dragons
  25 frost giants
  18 narguns
  5 fenstrider witches
  16 deep elf sorcerers
  13 emperor scorpions
  27 vault wardens
  A caustic shrike zombie (Zig:4)
  10 draconian scorchers
  52 balrugs
  13 quicksilver elementals
  5 shard shrike simulacra
  Louise (D:14)
  9 deep elf elementalists
  2 spectral juggernauts (Tar:3)
  3 spectral caustic shrikes
  2 imperial myrmidons (Desolation)
  35 angels
  15 curse skulls
  A juggernaut zombie (Abyss:2)
  14 ghouls
  27 ghost moths
  23 ironbound preservers
  8 draconian shifters
  A spriggan defender (Depths:3)
  16 orc warlords
  7 draconian stormcallers
  34 stone giants
  24 quicksilver oozes
  23 demonspawn corrupters
  16 draconian annihilators
  18 demonspawn blood saints
  A juggernaut skeleton (Pan)
  20 cacodemons
  8 broodmothers
  23 ophanim
  27 war gargoyles
  35 very ugly things
  19 reapers
  2 caustic shrike skeletons
  15 eleionomae
  31 apis (Pan)
  21 deep elf demonologists
  2 spectral titans
  2 ironbound thunderhulks
  13 green draconians
  18 black draconians
  21 elemental wellsprings
  18 wendigos
  12 bennus
  17 vampire knights
  20 deep elf annihilators
  28 spark wasps
  18 demonspawn black suns
  An eleionoma (shapeshifter) (Zig:11)
  A starflower (Abyss:1)
  15 white draconians
  19 lorocyprocas
  8 putrid mouths
  Azrael (Spider:2)
  15 yellow draconians
  17 red draconians
  13 bunyips
  7 halazid warlocks
  19 purple draconians
  28 blizzard demons
  17 eidola
  49 green deaths
  14 deep elf death magi
  23 dire elephants
  28 mummy priests
  19 shambling mangroves
  13 ettins
  11 ragged hierophants (Desolation)
  6 crystal guardians
  9 merfolk javelineers
  6 merfolk impalers
  21 great orbs of eyes
  16 iron golems
  15 jiangshi
  11 fire dragons
  A quicksilver dragon zombie (Zig:24)
  12 deep elf high priests
  19 yaktaur captains
  2 spectral spriggans
  Harold (Lair:1)
  20 entropy weavers
  18 hell beasts
  Fannar (Lair:1)
  35 vault guards
  10 servants of whispers (Desolation)
  114 salamander tyrants
  11 peacekeepers
  5 juggernaut simulacra
  4 merfolk avatars (Zig:8)
  A spriggan zombie (Abyss:3)
  5 caustic shrike simulacra
  29 spriggan air magi
  17 rakshasas
  16 ice dragons
  4 jorogumos
  5 spriggan skeletons
  13 radroaches
  17 catoblepae
  79 hydras
  A quicksilver dragon skeleton (Pan)
  24 boulder beetles
  A fenstrider witch skeleton (Abyss:1)
  8 stokers
  34 centaur warriors
  8 ironbound frosthearts
  4 alligator snapping turtles (Zig:17)
  4 death knights
  21 anacondas
  15 ghost crabs
  5 ogre magi
  8 two-headed ogres
  86 death scarabs
  4 tengu warriors
  29 alligators
  5 merfolk aquamancers
  A two-headed ogre (shapeshifter) (Zig:16)
  25 naga warriors
  A titan zombie (Zig:24)
  10 satyrs
  10 death yaks
  10 deep troll earth magi
  3 deep troll shamans
  6 spriggan berserkers
  52 dancing weapons
  17 orc high priests
  40 naga sharpshooters
  69 thrashing horrors
  26 soul eaters
  14 spriggans
  24 vampire magi
  64 hell hogs
  4 hell knights
  18 crystal echidnas
  52 sun demons
  4 emperor scorpion zombies (Spider:3)
  Nergalle (D:11)
  27 deep elf knights
  A skyshark (shapeshifter) (Abyss:3)
  65 wretched stars
  5 skysharks
  47 shock serpents
  6 sun moths
  11 pharaoh ants
  Amaemon (D:11)
  9 iron trolls
  8 shadow demons
  20 sixfirhies
  27 shadow wraiths
  25 cherubim
  7 sea snakes
  Lodul (D:12)
  16 skeletal warriors
  2 bunyip zombies
  56 deep trolls
  8 salamander mystics
  6 fire crabs
  A ghost moth zombie (Spider:3)
  3 glowing orange brains (shapeshifter)
  5 orange crystal statues
  4 quicksilver dragon simulacra
  3 anaconda zombies
  29 spriggan druids
  21 deep elf archers
  52 swamp dragons
  3 bunyip skeletons
  36 death drakes
  13 spatial maelstroms
  8 wizards
  13 bog bodies
  10 flayed ghosts
  16 naga ritualists
  23 orb spiders
  12 goliath frogs
  A deep troll (shapeshifter) (D:15)
  5 spriggan simulacra
  An iron giant skeleton (Abyss:3)
  12 lindwurms
  19 glowing orange brains
  14 steelbarb worms
  A shadow dragon zombie (Zig:24)
  A lindwurm (shapeshifter) (Zig:3)
  18 phantasmal warriors
  18 ironbound convokers
  20 orc knights
  37 deep elf zephyrmancers
  A golden dragon skeleton (Crypt:1)
  14 shining eyes
  8 obsidian statues
  A wolf spider (shapeshifter) (Zig:9)
  2 broodmother zombies
  25 cyclopes
  11 necromancers
  10 mana vipers
  22 orc sorcerers
  24 deep elf pyromancers
  15 oklob plants (Zig:24)
  A spectral merfolk (Tar:1)
  31 wolf spiders
  9 fauns
  16 harpies
  12 worldbinders
  A mana viper (shapeshifter) (Zig:2)
  8 manticores
  A spectral ettin (Tar:3)
  28 will-o-the-wisps
  An iron dragon skeleton (Crypt:1)
  44 ugly things
  3 elephants
  Maurice (Orc:2)
  32 moths of wrath
  34 demonic crawlers
  10 salamanders
  30 naga magi
  70 black mambas
  3 water nymphs (shapeshifter)
  5 merfolk sirens
  18 rust devils
  A toenail golem (Zig:17)
  2 storm dragon simulacra
  27 vault sentinels
  18 apocalypse crabs
  30 guardian serpents
  5 titan simulacra
  An elephant (shapeshifter) (Vaults:5)
  13 water nymphs
  3 gargoyles (Zig:22)
  A dire elephant zombie (Tomb:3)
  10 ice statues
  25 torpor snails
  2 molten gargoyles
  20 orange demons
  The ghost of Miklu the Trooper, a novice DsMo of Ru (D:4)
  2 centaur skeletons
  12 eyes of devastation
  71 smoke demons
  24 cane toads
  A cane toad (shapeshifter) (D:15)
  A death yak zombie (Crypt:1)
  30 hellions
  15 efreet
  10 rime drakes
  7 unseen horrors
  2 bunyip simulacra (Coc:1)
  4 kobold demonologists
  A sea snake zombie (Hell)
  2 iron giant simulacra
  26 yaktaurs
  A redback zombie (Crypt:3)
  17 komodo dragons
  3 golden dragon simulacra
  2 dire elephant skeletons
  13 freezing wraiths
  58 ancient zymes
  A grey draconian skeleton (Crypt:2)
  A pale draconian skeleton (Crypt:3)
  4 red devils
  2 hydra zombies
  4 spectral nagas
  4 tengu conjurers
  A sea snake skeleton (Hell)
  12 ice devils
  75 guardian mummies
  29 tormentors
  2 silent spectres
  7 anaconda simulacra
  4 meliai
  A queen bee (shapeshifter) (Zig:9)
  A tarantella (shapeshifter) (D:15)
  A merfolk (shapeshifter) (Vaults:5)
  A meliai (shapeshifter) (Vaults:1)
  2 tengu simulacra
  9 trolls
  69 saltlings
  53 hornets
  4 bloated husks
  2 trolls (shapeshifter)
  27 hellwings
  Prince Ribbit (D:9)
  29 tarantellas
  16 merfolk
  16 polar bears
  6 wind drakes
  A wolf spider simulacrum (D:15)
  2 wind drakes (shapeshifter)
  105 raiju
  18 tyrant leeches
  An alligator zombie (Hell)
  30 blink frogs
  An iron dragon simulacrum (Coc:2)
  3 dream sheep
  2 hydra skeletons
  4 snapping turtles
  2 ice dragon zombies
  An ettin zombie (Tomb:2)
  34 air elementals
  80 flying skulls
  21 jumping spiders
  130 slime creatures
  155 large abominations
  A black mamba zombie (Crypt:2)
  25 culicivoras
  A centaur simulacrum (D:15)
  3 dire elephant simulacra
  19 water elementals
  9 wyverns
  62 yaks
  5 shadows
  A fire dragon skeleton (Crypt:2)
  34 ynoxinuls
  2 naga simulacra (Coc:7)
  An ettin skeleton (Tomb:1)
  2 ice dragon skeletons
  23 ushabtiu
  2 vampires (D:11)
  13 fire elementals
  6 fire bats
  11 basilisks
  32 chaos spawn
  8 wraiths
  A basilisk (shapeshifter) (Abyss:4)
  244 starcursed masses
  A yak (shapeshifter) (Zig:23)
  4 hogs (shapeshifter)
  12 golden eyes
  51 neqoxecs
  7 steam dragons
  76 redbacks
  22 vampire mosquitoes
  18 wargs
  Menkaure (D:5)
  10 spatial vortices
  16 harpy simulacra
  14 swamp worms
  A deep troll zombie (Tomb:1)
  32 nagas
  A glowing shapeshifter zombie (Zig:24)
  A hydra simulacrum (Hell)
  4 acid dragons
  10 floating eyes
  32 hell hounds
  29 water moccasins
  7 swamp drakes
  A glowing shapeshifter skeleton (Zig:24)
  5 ice beasts
  65 orc warriors
  8 ettin simulacra
  2 great orb of eyes simulacra (IceCv)
  14 black bears
  4 sky beasts
  A fire dragon simulacrum (Coc:1)
  43 ogres
  3 boggarts (D:15)
  A dream sheep skeleton (Crypt:3)
  66 wolves
  A phantom (D:6)
  13 centaurs
  2 swamp dragon skeletons
  A slime creature simulacrum (IceCv)
  10 kobold brigands
  3 gnoll sergeants
  6 necrophages
  77 small abominations
  A cyclops zombie (Crypt:2)
  5 glowing shapeshifter simulacra (IceCv)
  5 earth elementals
  13 bullfrogs
  9 wights
  34 scorpions
  2 cyclops skeletons (Crypt:3)
  A water moccasin zombie (D:4)
  11 killer bees
  A troll skeleton (Crypt:1)
  6 electric eels
  6 howler monkeys
  A lava snake (D:14)
  7 crimson imps
  2 centaur zombies
  A bullfrog zombie (D:4)
  13 quasits
  A black bear zombie (Crypt:3)
  A human zombie (D:4)
  12 iron imps
  3 jellies
  18 orc priests
  2 hounds (Lair:2)
  2 gnoll boudas
  Crazy Yiuf (D:4)
  Jessica (D:2)
  2 sleepcaps
  25 orc wizards
  A scorpion zombie (D:4)
  Natasha (D:2)
  8 iguanas
  4 hell rats (Hell)
  3 shapeshifter simulacra (IceCv)
  7 lightning spires
  A polar bear simulacrum (D:10)
  3 yak simulacra (D:10)
  4 wolf simulacra (D:10)
  A deep dwarf zombie (Crypt:2)
  A naga zombie (Crypt:3)
  89 mummies
  14 gnolls
  2 howler monkey skeletons (D:4)
  11 adders
  3 shadow imps
  11 white imps
  12 ufetubi
  3 adder zombies (D:4)
  3 worms
  2 dart slugs
  63 orcs
  8 bats
  A bat zombie (Crypt:1)
  7 endoplasms
  5 giant cockroaches
  4 goblins
  7 hobgoblins
  8 jackals
  46 kobolds
  4 quokkas
  5 ball pythons
  6 frilled lizards
  2 jackal zombies
  An orc skeleton (Crypt:3)
  7 rats
  A rat skeleton (Crypt:2)
  3 river rat simulacra (D:10)
  7 ball lightnings (Pan)
  46 briar patches
  16 creeping infernos
  70 fire vortices
  10 lurking horrors
  2 plants (Zig:24)
  46 starspawn tentacles
8176 creatures vanquished.

Vanquished Creatures (collateral kills)
  Gloorx Vloq (Pan)
  A seraph (Pan)
  the Lernaean hydra (Swamp:4)
  A tentacled monstrosity (Zig:6)
  A pandemonium lord (Zig:11)
  A deep elf master archer (Zig:15)
  A tentacled starspawn (Zig:8)
  A shadow dragon (Zig:6)
  A thorn hunter (Zig:15)
  An iron dragon (Zig:1)
  A stone giant (Zig:15)
  An eleionoma (Zig:15)
  A dire elephant (Zig:4)
  A shambling mangrove (Zig:15)
  3 green deaths (Zig:15)
  A fire dragon (Zig:9)
  3 hydras (Zig:15)
  An alligator (Zig:15)
  A spriggan (Zig:15)
  A sun demon (Pan)
  3 naga sharpshooters
  3 death drakes (Zig:15)
  2 goliath frogs (Zig:15)
  A deep elf zephyrmancer (Zig:9)
  3 fauns (Zig:15)
  A will-o-the-wisp (Zig:15)
  2 bloated husks (Zig:15)
  A hornet (Zig:15)
  A tyrant leech (Zig:15)
  A harpy simulacrum (Coc:7)
  An ogre (Zig:15)
43 creatures vanquished.

Vanquished Creatures (others)
  2 Killer Klowns (Zig:11)
  A pandemonium lord (Zig:11)
  An iron giant (Zig:22)
  A shadow dragon (Vaults:5)
  A shard shrike simulacrum (Coc:7)
  A demonspawn corrupter (Zig:14)
  An elemental wellspring (Coc:6)
  An eleionoma (shapeshifter) (Zig:11)
  A lorocyproca (Pan)
  A wendigo (Coc:5)
  A green death (Abyss:2)
  A salamander tyrant (Zig:27)
  3 hydras
  A caustic shrike simulacrum (Coc:5)
  2 juggernaut simulacra
  2 ogre magi (Abyss:4)
  A satyr (Zig:15)
  A hell hog (Geh:2)
  2 thrashing horrors (Abyss:4)
  A shock serpent (Zig:27)
  A deep elf knight (Elf:1)
  A naga sharpshooter (Zig:15)
  A wretched star (Abyss:2)
  A skeletal warrior (Crypt:3)
  3 swamp dragons (Zig:15)
  2 quicksilver dragon simulacra
  2 spriggan druids (Zig:22)
  A spriggan simulacrum (Coc:1)
  A bog body (Zig:15)
  A deep elf zephyrmancer (Elf:1)
  A moth of wrath (shapeshifter) (Zig:11)
  A wizard (D:4)
  A will-o-the-wisp (Zig:15)
  3 apocalypse crabs
  A rust devil (Zig:14)
  2 naga magi (Zig:27)
  A guardian serpent (Zig:27)
  A rime drake (Zig:10)
  4 bloated husks
  3 hornets
  A blink frog (Zig:24)
  A dire elephant simulacrum (Coc:7)
  A spriggan (Zig:15)
  A fire bat (Abyss:4)
  2 golden eyes (Abyss:3)
  A redback (shapeshifter) (Zig:11)
  2 chaos spawn
  A neqoxec (Pan)
  A large abomination (Abyss:1)
  2 small abominations
  3 harpy simulacra
  2 nagas (Zig:26)
  A swamp drake (Zig:7)
  A naga simulacrum (Coc:7)
  An electric eel (Elf:3)
  An orc wizard (D:5)
  2 ufetubi
  An orc (Elf:1)
  16 ball lightnings
  2 briar patches (Zig:21)
  11 bushes (Abyss:3)
  A creeping inferno (Geh:6)
  18 demonic plants
  192 fire vortices
  48 foxfires
  36 fungi
  3 lurking horrors (Abyss:4)
  128 plants
  78 starspawn tentacles
  65 withered plants (Crypt:3)
681 creatures vanquished.

Grand Total: 8900 creatures vanquished

Notes
Turn   | Place    | Note
-------+----------+-------------------------------------------
     0 | D:1      | jazmu the Demigod Hunter began the quest for the Orb.
     0 | D:1      | Reached XP level 1. HP: 17/17 MP: 3/3
   127 | D:1      | Reached XP level 2. HP: 16/24 MP: 4/4
   570 | D:2      | Reached XP level 3. HP: 13/30 MP: 5/5
  1111 | D:2      | Noticed Jessica
  1114 | D:2      | Killed Jessica
  1115 | D:2      | Reached XP level 4. HP: 31/38 MP: 6/6
  1305 | D:2      | Noticed Natasha
  1307 | D:2      | Killed Natasha
  1532 | D:3      | HP: 1/39 [sleepcap (1)]
  1534 | D:3      | Reached XP level 5. HP: 2/46 MP: 7/7
  1775 | D:3      | Reached skill level 5 in Ranged Weapons
  2265 | D:4      | Reached XP level 6. HP: 27/53 MP: 8/8
  2368 | D:4      | Found a runed translucent door.
  2369 | D:4      | Noticed Crazy Yiuf
  2420 | D:4      | Reached skill level 5 in Fighting
  2423 | D:4      | Found a transporter.
  2496 | D:4      | Noticed Miklu's ghost (novice DsMo)
  2574 | D:4      | Reached XP level 7. HP: 60/61 MP: 9/9
  2880 | D:4      | Found a transporter.
  2920 | D:4      | Noticed a wizard
  2925 | D:4      | Killed a wizard
  3096 | D:5      | Entered Level 5 of the Dungeon
  3174 | D:5      | Found a staircase to the Ecumenical Temple.
  3618 | D:5      | Noticed an angel
  3660 | D:5      | Noticed Menkaure
  3663 | D:5      | Killed Menkaure
  3664 | D:5      | Reached XP level 8. HP: 71/71 MP: 10/10
  4826 | D:7      | Reached XP level 9. HP: 73/81 MP: 11/11
  4943 | D:7      | Noticed a purple ugly thing
  5354 | D:7      | Killed a purple ugly thing
  5355 | D:7      | Reached skill level 10 in Ranged Weapons
  6093 | D:8      | Reached skill level 1 in Armour
  6658 | D:9      | Noticed Prince Ribbit
  6669 | D:9      | Killed Prince Ribbit
  6899 | D:9      | Noticed a five-headed hydra
  6916 | D:9      | Reached XP level 10. HP: 55/88 MP: 13/13
  7628 | D:9      | Killed a five-headed hydra
  7824 | D:9      | Reached skill level 5 in Dodging
  7920 | D:10     | Entered Level 10 of the Dungeon
  7946 | D:10     | Found a staircase to the Orcish Mines.
  7977 | D:10     | Noticed a two-headed ogre
  8089 | D:9      | Reached skill level 5 in Armour
  8117 | D:10     | Killed a two-headed ogre
  8321 | D:10     | Noticed a two-headed ogre
  8324 | D:10     | Killed a two-headed ogre
  8368 | D:10     | Reached XP level 11. HP: 83/94 MP: 14/14
  8465 | D:10     | Noticed a necromancer
  8482 | D:10     | Killed a necromancer
  8903 | D:10     | Found Vekitra's Antique Armour Boutique.
  8910 | D:10     | Bought a pair of embroidered gloves for 217 gold pieces
  8910 | D:10     | Bought a runed leather armour for 145 gold pieces
  8980 | D:11     | Noticed a two-headed ogre
  8992 | D:11     | Killed a two-headed ogre
  9455 | D:11     | Found a staircase to the Lair.
  9703 | D:11     | Found a portal to a secret trove of treasure.
  9748 | D:11     | Noticed Nergalle
  9755 | D:11     | Killed Nergalle
 10338 | Lair:1   | Entered Level 1 of the Lair of Beasts
 10735 | Lair:1   | Noticed Amaemon
 10780 | D:11     | Killed Amaemon
 11181 | Lair:1   | Noticed Harold
 11192 | Lair:1   | Killed Harold
 11193 | Lair:1   | Reached XP level 12. HP: 95/102 MP: 15/15
 11349 | Lair:1   | Noticed Fannar
 11377 | Lair:1   | Killed Fannar
 11378 | Lair:1   | Reached skill level 10 in Dodging
 12082 | Lair:2   | Found a staircase to the Swamp.
 12147 | Lair:2   | Identified a scroll of acquirement
 13024 | Lair:3   | Noticed a catoblepas
 13024 | Lair:3   | Noticed a catoblepas
 13064 | Lair:3   | Found a hole to the Spider Nest.
 13620 | Lair:3   | Killed a catoblepas
 13766 | Lair:3   | Killed a catoblepas
 14028 | Lair:3   | Reached XP level 13. HP: 88/107 MP: 16/16
 14662 | Lair:4   | Got the Encyclopedia of the Shapeshifter
 14762 | Lair:4   | Identified the +3 dagger "Daps" {heavy, SInv}
 14771 | Lair:4   | Found a frozen archway.
 14792 | IceCv    | Entered an ice cave
 14842 | IceCv    | Identified the ring of Deom {rPois rF- rC+ Dex+4}
 15052 | IceCv    | Noticed a quicksilver ooze
 15059 | IceCv    | Killed a quicksilver ooze
 15403 | IceCv    | Noticed an azure jelly
 15417 | IceCv    | Killed an azure jelly
 15583 | IceCv    | Noticed an azure jelly
 15600 | IceCv    | Killed an azure jelly
 15805 | IceCv    | Got the ring "Aticicy" {rElec rC+}
 15810 | IceCv    | Got the +8 spear "Xusoemeu" {freeze, Str+4}
 16463 | Lair:4   | Found a staircase to the Slime Pits.
 16694 | Lair:4   | Found a runed translucent door.
 17329 | Lair:4   | Reached skill level 15 in Ranged Weapons
 17363 | Lair:4   | Reached XP level 14. HP: 100/115 MP: 17/17
 17420 | Lair:4   | Identified the ring of Xuddafan {rC+ Dex+6 Slay-3}
 17572 | Lair:5   | Entered Level 5 of the Lair of Beasts
 18532 | Lair:5   | Reached XP level 15. HP: 126/126 MP: 18/18
 19259 | Lair:5   | Reached skill level 15 in Dodging
 19491 | Orc:1    | Entered Level 1 of the Orcish Mines
 20341 | Orc:2    | Entered Level 2 of the Orcish Mines
 20409 | Orc:2    | Found a staircase to the Elven Halls.
 20450 | Orc:2    | Noticed Maurice
 20481 | Orc:2    | Killed Maurice
 20887 | Orc:2    | Found Giaget's Weapon Boutique.
 21472 | Orc:2    | Found Buhurr's Antique Weapon Boutique.
 21473 | Orc:2    | Found Veoczes's Antique Armour Shoppe.
 21473 | Orc:2    | Found Cayxur's Distillery.
 21484 | Orc:2    | Bought a potion of flight for 48 gold pieces
 21484 | Orc:2    | Bought a potion of haste for 160 gold pieces
 21484 | Orc:2    | Bought a potion of attraction for 48 gold pieces
 21484 | Orc:2    | Bought a potion of degeneration for 16 gold pieces
 21506 | Orc:2    | Bought an iridescent shortbow for 232 gold pieces
 21506 | Orc:2    | Identified the +9 shortbow of the Scroll {speed, rPois
                  | Int+3} (You bought it in a shop on level 2 of the Orcish
                  | Mines)
 22022 | Orc:1    | Identified the +3 hand axe of the Sea {holy, rPois rF+
                  | Stlth-}
 22026 | Orc:1    | Identified the +10 rapier "Uxireupt" {vamp, rF+ rN+ SInv}
 22029 | Orc:1    | Identified the +5 flail "Haocale" {drain, rC+ Dex+6}
 22032 | Orc:1    | Identified the +9 falchion of Nice Absolution {antimagic,
                  | Fly rF+ rC+ Int+3}
 22053 | Orc:1    | Got Sif Muna's Notes on the Gelid Black Widow
 22107 | Orc:2    | Bought an embroidered robe for 96 gold pieces
 22107 | Orc:2    | Bought a glowing robe for 96 gold pieces
 22396 | D:12     | Reached XP level 16. HP: 133/133 MP: 19/19
 22777 | D:12     | Noticed Lodul
 22784 | D:12     | Killed Lodul
 24359 | D:14     | Identified Roxanne's Compilation of Grit
 24359 | D:14     | Noticed Roxanne
 24363 | D:14     | Noticed Louise
 24608 | D:14     | Killed Louise
 24854 | D:14     | Found a gate to the Vaults.
 25517 | D:14     | Found the +18 shield of the Gong {Loud rN+ Will+ rCorr
                  | EV-5}
 25731 | D:14     | Killed Roxanne
 25751 | D:15     | Entered Level 15 of the Dungeon
 26285 | D:15     | Found a staircase to the Depths.
 27201 | Swamp:1  | Entered Level 1 of the Swamp
 27338 | Swamp:1  | You fall into a shaft and drop 1 floor!
 27923 | Swamp:1  | Identified the +2 robe of Contentment {rPois rCorr Str+4
                  | Dex+4}
 28230 | Swamp:1  | Reached XP level 17. HP: 133/139 MP: 20/20
 29495 | Swamp:4  | Entered Level 4 of the Swamp
 30196 | Swamp:4  | Noticed a tentacled monstrosity
 30247 | Swamp:3  | Killed a tentacled monstrosity
 30580 | Swamp:4  | Noticed the 27-headed Lernaean hydra
 30855 | Spider:1 | Entered Level 1 of the Spider Nest
 30867 | Lair:3   | HP: 4/139 [radroach (30)]
 31302 | Spider:1 | Noticed Jorgrun
 31431 | Spider:1 | Killed Jorgrun
 33002 | Spider:1 | Reached skill level 1 in Evocations
 33769 | Spider:1 | Reached skill level 10 in Fighting
 33826 | Spider:2 | Noticed Azrael
 34278 | Spider:2 | Killed Azrael
 34828 | Spider:3 | Noticed Nikola
 34873 | Spider:3 | Noticed Arachne
 34907 | Spider:2 | Killed Arachne
 35141 | Spider:3 | Noticed Donald
 35502 | Spider:3 | Killed Donald
 35734 | Spider:3 | Reached XP level 18. HP: 118/149 MP: 21/21
 36106 | Spider:3 | Reached skill level 5 in Evocations
 36824 | Spider:3 | Killed Nikola
 37110 | Spider:3 | Got the Folio of Meteoric Movement
 37321 | Spider:4 | Entered Level 4 of the Spider Nest
 39232 | Spider:4 | Got a gossamer rune of Zot
 39617 | D:4      | Killed Miklu's ghost
 39946 | Vaults:1 | Entered Level 1 of the Vaults
 40305 | Vaults:1 | Reached XP level 19. HP: 169/169 MP: 22/22
 40863 | Vaults:2 | Found a crumbling gateway.
 40874 | Desolati | Entered the Desolation of Salt
 41769 | Desolati | Got the Vellum of Twisted Virulence
 41770 | Desolati | Identified the +11 short sword "Soffotz" {flame, *Rage
                  | Str+4 Dex+3 SInv}
 42118 | Desolati | Found the +2 hat of the Bear Spirit {Spirit, Bear, *Rage
                  | Will++}
 42255 | Desolati | Identified the amulet "Qaydwas" {RegenMP rN+ Str+3 Dex+5}
 42272 | Desolati | Identified the +5 quarterstaff "Riakhuc" {flame, rPois
                  | Will+++ Int-3}
 42322 | Desolati | Identified the ring "Okahuuso" {rPois rCorr}
 42340 | Desolati | Got the Tome of the Ground
 43070 | Vaults:2 | Learned a level 8 spell: Necromutation
 43120 | Vaults:2 | Found a staircase to the Crypt.
 43126 | Vaults:2 | Reached skill level 1 in Necromancy
 43126 | Vaults:2 | Reached skill level 1 in Transmutations
 43242 | Vaults:2 | Reached skill level 1 in Spellcasting
 44141 | Vaults:1 | Reached skill level 1 in Shields
 44715 | Vaults:2 | Reached XP level 20. HP: 177/177 MP: 28/28
 45133 | Vaults:3 | Reached skill level 5 in Shields
 45932 | Vaults:3 | Noticed Zenata
 45940 | Vaults:3 | Killed Zenata
 46370 | Vaults:3 | Reached skill level 10 in Shields
 47216 | Vaults:4 | Noticed Sojobo
 47230 | Vaults:4 | Killed Sojobo
 47533 | Vaults:4 | Noticed Xtahua
 47540 | Vaults:4 | Killed Xtahua
 47541 | Vaults:4 | Reached XP level 21. HP: 183/183 MP: 28/30
 48232 | Lair:1   | Gained mutation: You are somewhat resistant to further
                  | mutation. [potion of mutation]
 48374 | Crypt:1  | Entered Level 1 of the Crypt
 48687 | Crypt:1  | Noticed Grunn
 48711 | Crypt:1  | Killed Grunn
 48934 | Crypt:1  | Noticed Frederick
 48936 | Crypt:1  | Reached skill level 5 in Spellcasting
 48943 | Crypt:1  | Killed Frederick
 49414 | Crypt:2  | Identified the +3 plate armour of the Storm King {Harm rN+}
 49977 | Crypt:3  | Entered Level 3 of the Crypt
 50059 | Crypt:3  | Found a magical portal.
 50068 | WizLab   | Entered The Chambers of the Cloud Mage
 50269 | WizLab   | Paralysed by an air elemental for 1 turns
 50491 | WizLab   | Paralysed by an air elemental for 1 turns
 50532 | WizLab   | Identified the ring "Tighaf" {Fly Str+3}
 50718 | WizLab   | Learned a level 2 spell: Wereblood
 50764 | WizLab   | Noticed Jutug
 50771 | WizLab   | Killed Jutug the Cloud Mage
 50798 | WizLab   | Got the Spellbook of Exhalation
 50799 | WizLab   | Identified the ring "Egaesch" {Fly Str+3}
 51050 | Crypt:3  | Reached skill level 5 in Transmutations
 51110 | Crypt:3  | Reached skill level 5 in Necromancy
 51335 | Crypt:3  | Found a staircase to the Tomb.
 51844 | Crypt:3  | Noticed an ancient lich
 51876 | Crypt:3  | Identified the +7 longbow "Wafuucoa" {flame, *Corrode rC+
                  | rN++ Stlth+}
 52133 | Crypt:3  | Killed an ancient lich
 52746 | Crypt:3  | Noticed a dread lich
 53366 | Elf:1    | Entered Level 1 of the Elven Halls
 53372 | Elf:1    | Found Plog's Jewellery Boutique.
 53382 | Elf:1    | Bought the macabre finger necklace {Finger+ rN+} for 640
                  | gold pieces
 53382 | Elf:1    | Found the macabre finger necklace {Finger+ rN+}
 53382 | Elf:1    | Bought a +6 ring of dexterity for 576 gold pieces
 53530 | Elf:1    | Reached XP level 22. HP: 191/191 MP: 39/39
 53609 | Elf:1    | Found Zocw's Magic Scroll Shoppe.
 53621 | Elf:1    | Bought a scroll of blinking for 135 gold pieces
 53621 | Elf:1    | Bought a scroll of blinking for 135 gold pieces
 53621 | Elf:1    | Bought a scroll of teleportation for 54 gold pieces
 53666 | Elf:1    | Found a runed translucent gate.
 53666 | Elf:1    | Found a runed translucent gate.
 53666 | Elf:1    | Found a runed translucent gate.
 53666 | Elf:1    | Found a runed translucent gate.
 53666 | Elf:1    | Found a runed translucent gate.
 53705 | Elf:1    | Found a runed translucent gate.
 53804 | Elf:1    | Noticed Asterion
 53811 | Elf:1    | Killed Asterion
 53868 | Elf:1    | Identified the +2 helmet of Buek Doo {rC- Will+ Str+4}
 53881 | Elf:1    | Found Bify's Antique Weapon Shoppe.
 53888 | Elf:1    | Found Jythopp's Armour Boutique.
 54102 | Elf:1    | Found Qeclemme's Antique Weapon Boutique.
 54482 | Elf:2    | Found a huge runed translucent gate.
 54482 | Elf:2    | Found a huge runed translucent gate.
 54483 | Elf:2    | Found a huge runed translucent gate.
 54487 | Elf:2    | Found a huge runed translucent gate.
 54489 | Elf:2    | Found a huge runed translucent gate.
 55019 | Elf:2    | Found Zolun's Jewellery Shoppe.
 55035 | Elf:2    | Bought a +6 ring of dexterity for 504 gold pieces
 55036 | Elf:2    | Found Qosisit's Weapon Emporium.
 55043 | Elf:2    | Bought the +10 arbalest "Jelly's Demise" {penet, rF+ rCorr
                  | Stlth-} for 1508 gold pieces
 55252 | Elf:3    | Entered Level 3 of the Elven Halls
 55300 | Elf:3    | Found Imearued's Assorted Antiques.
 55308 | Elf:3    | Bought a scroll of enchant weapon for 255 gold pieces
 55471 | Elf:3    | Identified the +3 falchion "Jobesiq" {freeze, Contam rPois
                  | rF+ Will++ rCorr}
 55483 | Elf:3    | Reached skill level 10 in Spellcasting
 55550 | Elf:3    | Identified the staff of conjuration "Legrunle" {Fragile rC+
                  | rCorr Dex+4}
 55809 | Elf:3    | Identified the +0 chain mail of the Special Dreams {rPois
                  | rC- rN+}
 55919 | Elf:3    | Got Cerebov's Exposition on the Summer
 55935 | Elf:3    | Identified the +0 kite shield of the Sandy God {Rampage
                  | rN+}
 55944 | Elf:3    | Identified the ring of Yrimirai {rN+ Dex+2}
 56107 | Elf:3    | Got the Essays on Bones
 56119 | Elf:3    | Identified the ring "Zerith" {rF+ Will+ Str+2 Int+6 Stlth-}
 56313 | Elf:3    | Identified the +6 rapier of the Beast {pain, rC- Str+7
                  | Int+3 Stlth-}
 57023 | Crypt:3  | Killed a dread lich
 57475 | Vaults:5 | Entered Level 5 of the Vaults
 57511 | Vaults:5 | Reached skill level 10 in Transmutations
 57517 | Vaults:5 | Reached skill level 10 in Necromancy
 57707 | Vaults:5 | Noticed a dread lich
 57714 | Vaults:5 | Reached XP level 23. HP: 198/198 MP: 43/43
 57719 | Vaults:5 | Killed a dread lich
 57880 | Vaults:5 | Identified the +2 longbow "Kyoxa" {antimagic, rN++ rCorr
                  | Int+2}
 58101 | Vaults:5 | Noticed a dread lich
 58126 | Vaults:5 | Killed a dread lich
 58226 | Vaults:5 | Found Ikkakyr's Armour Emporium.
 58243 | Vaults:5 | Identified the +1 pair of gloves of Impermeability {Dex+2}
 58251 | Vaults:5 | Identified the staff of earth "Coimmar" {rF+++ Dex+2}
 58256 | Vaults:5 | Identified the ring "Xomar" {Ice rN+}
 58555 | Vaults:5 | Identified the +0 leather armour "Cifoxeug" {rN+ Stlth+}
 58557 | Vaults:5 | Got a silver rune of Zot
 58783 | Vaults:5 | Identified the +0 ring mail of Hucewuitz {rF- rC+ Slay+3}
 58790 | Vaults:5 | Identified the staff of fire "Iserraff" {Fly rF+ rN+ Str+3
                  | Int-3}
 59007 | Vaults:5 | Upgraded the game from 0.30-a0-1016-gfb0d676c02 to
                  | 0.30-a0-1018-g25214051b3
 59366 | Depths:1 | Entered Level 1 of the Depths
 59480 | Depths:1 | Found a gateway to Hell.
 59931 | Depths:1 | Found a transporter.
 60560 | Depths:2 | Found a one-way gateway to a ziggurat.
 61181 | Depths:2 | Noticed a dread lich
 61189 | Depths:2 | Killed a dread lich
 61210 | Depths:2 | Found the +6 Majin-Bo {spellvamp, MP+6 Int+6}
 61381 | Depths:2 | Found a one-way gate leading to the halls of Pandemonium.
 61838 | Depths:3 | Reached XP level 24. HP: 203/204 MP: 47/47
 62007 | Depths:3 | Identified the +0 pair of boots of Ugozxiun {Fly Dex+3
                  | Slay+2}
 62030 | Depths:3 | Paralysed by a floating eye for 4 turns
 62223 | Depths:3 | Found Bootiret's Magic Scroll Boutique.
 62231 | Depths:3 | Bought a scroll of enchant weapon for 127 gold pieces
 62231 | Depths:3 | Bought a scroll of magic mapping for 127 gold pieces
 62231 | Depths:3 | Bought a scroll of teleportation for 51 gold pieces
 62263 | Depths:3 | Found Bumuicw's Distillery.
 62266 | Depths:3 | Bought a potion of cancellation for 160 gold pieces
 62266 | Depths:3 | Bought a potion of mutation for 160 gold pieces
 62266 | Depths:3 | Bought a potion of heal wounds for 100 gold pieces
 62571 | Depths:3 | Found Ziosh's General Store.
 62578 | Depths:3 | Bought a scroll of enchant armour for 75 gold pieces
 62578 | Depths:3 | Bought a scroll of enchant armour for 75 gold pieces
 62578 | Depths:3 | Bought a scroll of magic mapping for 75 gold pieces
 62615 | Depths:3 | Found Nesapoyr's Weapon Shop.
 62636 | Depths:3 | Found Jioxkel's Assorted Antiques.
 62753 | Depths:3 | Found a one-way gate to the infinite horrors of the Abyss.
 63035 | Depths:4 | Entered Level 4 of the Depths
 63035 | Depths:4 | Found Eduikk's General Store.
 63043 | Depths:4 | Bought a scroll of blinking for 105 gold pieces
 63119 | Depths:4 | Identified the ring "Gedyisy" {Ice rElec Slay+3}
 63119 | Depths:4 | Noticed Josephina
 63123 | Depths:4 | Killed Josephina
 63197 | Depths:4 | Reached skill level 15 in Transmutations
 63234 | Depths:4 | Found Idwuyp's Distillery.
 63242 | Depths:4 | Bought a potion of heal wounds for 70 gold pieces
 63242 | Depths:4 | Bought a potion of curing for 42 gold pieces
 63272 | Depths:4 | Reached skill level 15 in Spellcasting
 63428 | Depths:4 | Noticed a juggernaut
 63436 | Depths:4 | Killed a juggernaut
 63616 | Depths:4 | Found Epuang's Book Emporium.
 63617 | Depths:4 | Found Gual's Jewellery Boutique.
 63619 | Depths:4 | Found Yhey's Book Emporium.
 63629 | Depths:4 | Bought a book of Unlife for 396 gold pieces
 63677 | Depths:4 | Learned a level 5 spell: Borgnjor's Vile Clutch
 63715 | Depths:4 | Reached skill level 1 in Earth Magic
 64369 | Depths:4 | Found a gate to the Realm of Zot.
 64799 | Swamp:4  | Killed the 27-headed Lernaean hydra
 64887 | Swamp:4  | Got a decaying rune of Zot
 65445 | Zot:1    | Entered Level 1 of the Realm of Zot
 65647 | Zot:1    | You are sucked into a shaft and drop 1 floor!
 67341 | Zot:2    | Reached XP level 25. HP: 212/212 MP: 49/49
 67449 | Zot:2    | Noticed Parghit
 67470 | Zot:2    | Killed Parghit
 69381 | Zot:4    | Noticed an orb of fire
 69389 | Zot:4    | Gained mutation: You occasionally lose the ability to drink
                  | potions when taking damage. [an orb of fire]
 69392 | Zot:4    | Killed an orb of fire
 69565 | Zot:4    | Lost mutation: You occasionally lose the ability to drink
                  | potions when taking damage. [potion of mutation]
 69565 | Zot:4    | Lost mutation: You are somewhat resistant to further
                  | mutation. [potion of mutation]
 69565 | Zot:4    | Gained mutation: Your flesh is heat resistant. (rF+)
                  | [potion of mutation]
 69565 | Zot:4    | Gained mutation: Your spells are a little harder to cast,
                  | but a little more powerful. [potion of mutation]
 69565 | Zot:4    | Gained mutation: Your movements are slightly less
                  | encumbered by armour. (ER -2) [potion of mutation]
 70892 | Zot:5    | Entered Level 5 of the Realm of Zot
 72126 | Slime:1  | Entered Level 1 of the Pits of Slime
 72316 | Slime:1  | Paralysed by a floating eye for 4 turns
 72353 | Slime:1  | Paralysed by a floating eye for 4 turns
 73433 | Slime:3  | Reached skill level 15 in Necromancy
 73457 | Slime:4  | Noticed Dissolution
 73507 | Slime:3  | Gained mutation: You do not regenerate when monsters are
                  | visible. [a shining eye]
 73508 | Slime:3  | Paralysed by a floating eye for 4 turns
 73509 | Slime:3  | Gained mutation: Armour fits poorly on your strangely
                  | shaped body. [a shining eye]
 73512 | Slime:3  | Killed Dissolution
 73513 | Slime:3  | Reached XP level 26. HP: 59/220 MP: 16/50
 73911 | Slime:3  | Lost mutation: Your spells are a little harder to cast, but
                  | a little more powerful. [potion of mutation]
 73911 | Slime:3  | Lost mutation: Your flesh is heat resistant. (rF+) [potion
                  | of mutation]
 73911 | Slime:3  | Gained mutation: You have a pair of small antennae on your
                  | head. [potion of mutation]
 73911 | Slime:3  | Lost mutation: You have a pair of small antennae on your
                  | head. [potion of mutation]
 73911 | Slime:3  | Gained mutation: Your system is resistant to poisons.
                  | (rPois) [potion of mutation]
 73912 | Slime:3  | Lost mutation: Armour fits poorly on your strangely shaped
                  | body. [potion of mutation]
 73912 | Slime:3  | Lost mutation: Your movements are slightly less encumbered
                  | by armour. (ER -2) [potion of mutation]
 73912 | Slime:3  | Lost mutation: Your system is resistant to poisons. (rPois)
                  | [potion of mutation]
 73912 | Slime:3  | Gained mutation: Armour fits poorly on your strangely
                  | shaped body. [potion of mutation]
 73912 | Slime:3  | Gained mutation: Your flesh is heat resistant. (rF+)
                  | [potion of mutation]
 73912 | Slime:3  | Gained mutation: You are clumsy. (Dex -2) [potion of
                  | mutation]
 73912 | Slime:3  | Gained mutation: Your flesh is very heat resistant. (rF++)
                  | [potion of mutation]
 73913 | Slime:3  | Lost mutation: Armour fits poorly on your strangely shaped
                  | body. [potion of mutation]
 73913 | Slime:3  | Lost mutation: Your flesh is very heat resistant. (rF++)
                  | [potion of mutation]
 73913 | Slime:3  | Lost mutation: You are clumsy. (Dex -2) [potion of
                  | mutation]
 73913 | Slime:3  | Gained mutation: You have supernaturally acute eyesight.
                  | (SInv) [potion of mutation]
 74017 | Lair:1   | Lost mutation: You do not regenerate when monsters are
                  | visible. [potion of mutation]
 74017 | Lair:1   | Lost mutation: Your flesh is heat resistant. (rF+) [potion
                  | of mutation]
 74017 | Lair:1   | Lost mutation: You have supernaturally acute eyesight.
                  | (SInv) [potion of mutation]
 74017 | Lair:1   | Gained mutation: You are clumsy. (Dex -2) [potion of
                  | mutation]
 74017 | Lair:1   | Gained mutation: You passively dampen the noise of your
                  | surroundings. [potion of mutation]
 74017 | Lair:1   | Gained mutation: You have a pair of small horns on your
                  | head. [potion of mutation]
 74135 | Slime:4  | Gained mutation: You have hidden genetic defects. [a
                  | shining eye]
 74199 | Slime:5  | Entered Level 5 of the Pits of Slime
 74267 | Slime:5  | Noticed the Royal Jelly
 74267 | Slime:5  | Found the +5 demon whip "Spellbinder" {antimagic, disrupt,
                  | Will+}
 74288 | Slime:5  | Killed the Royal Jelly
 74405 | Slime:3  | Gained mutation: You are very clumsy. (Dex -4) [a shining
                  | eye]
 74834 | Slime:4  | Learned a level 8 spell: Ignition
 74954 | Slime:5  | Reached skill level 1 in Fire Magic
 74962 | Slime:5  | Gained mutation: Your spells are a little easier to cast,
                  | but a little less powerful. [a shining eye]
 75013 | Slime:5  | Gained mutation: You are weak. (Str -2) [a shining eye]
 75141 | Slime:5  | Got Luavvod's Reference Book on the Oath
 75208 | Slime:5  | Identified the ring of Junuas {Will+ Str+3}
 75232 | Slime:5  | Identified the staff of poison "Diupryq" {rPois Int+5 Dex-3
                  | Stlth+}
 75252 | Slime:5  | Got a slimy rune of Zot
 75255 | Slime:5  | Identified the +11 great sword of the Tooth {heavy, rC+
                  | Str+2}
 75566 | Hell     | Entered the Vestibule of Hell
 75566 | Hell     | Noticed Geryon
 76019 | Depths:3 | Voluntarily entered the Abyss.
 76460 | Abyss:1  | Reached skill level 5 in Fire Magic
 76612 | Abyss:1  | Gained mutation: You do not regenerate when monsters are
                  | visible. [hidden defects]
 76817 | Depths:3 | Escaped the Abyss
 76942 | Depths:3 | Voluntarily entered the Abyss.
 77313 | Abyss:1  | Lost mutation: You have hidden genetic defects. [potion of
                  | mutation]
 77313 | Abyss:1  | Lost mutation: You passively dampen the noise of your
                  | surroundings. [potion of mutation]
 77313 | Abyss:1  | Lost mutation: You do not regenerate when monsters are
                  | visible. [potion of mutation]
 77313 | Abyss:1  | Lost mutation: Your spells are a little easier to cast, but
                  | a little less powerful. [potion of mutation]
 78094 | Abyss:1  | Reached skill level 10 in Fire Magic
 79526 | Abyss:1  | Paralysed by accursed screaming for 2 turns
 79531 | Abyss:1  | Paralysed by accursed screaming for 2 turns
 80849 | Abyss:2  | Reached XP level 27. HP: 223/224 MP: 36/50
 81113 | Abyss:2  | Reached skill level 15 in Fire Magic
 81145 | Abyss:2  | Paralysed by accursed screaming for 1 turns
 81147 | Depths:3 | Escaped the Abyss
 81402 | Depths:3 | Voluntarily entered the Abyss.
 82074 | Abyss:3  | Paralysed by accursed screaming for 1 turns
 82573 | Abyss:3  | Found a runed translucent door.
 82574 | Abyss:3  | Found a runed translucent door.
 82574 | Abyss:3  | Found a runed translucent door.
 82589 | Abyss:3  | Paralysed by accursed screaming for 1 turns
 82763 | Abyss:3  | Paralysed by accursed screaming for 1 turns
 82768 | Abyss:3  | Paralysed by accursed screaming for 2 turns
 83111 | Abyss:3  | Paralysed by accursed screaming for 1 turns
 83135 | Depths:3 | Escaped the Abyss
 83540 | Tomb:1   | Entered Level 1 of the Tomb of the Ancients
 84860 | Tomb:1   | Gained mutation: Armour fits poorly on your strangely
                  | shaped body. [mutagenic glow]
 84873 | Tomb:1   | Gained mutation: You are very weak. (Str -4) [mutagenic
                  | glow]
 85626 | Tomb:2   | Identified the +0 cloak of the Kraken {*Slow Will+++ Dex-3
                  | Slay+5}
 86250 | Tomb:1   | Reached skill level 15 in Shields
 87512 | Tomb:3   | Entered Level 3 of the Tomb of the Ancients
 88040 | Tomb:3   | Learned a level 9 spell: Fire Storm
 88164 | Tomb:3   | Got the Incunabulum of Bright Mortification
 88206 | Tomb:3   | Identified the +8 trident of Kath {venom, *Corrode rC+
                  | Int+3}
 88215 | Tomb:3   | Identified the staff of air "Koym Quj" {Drain rElec rN+
                  | Str+3}
 88251 | Tomb:3   | Identified the +1 dire flail of Tolil {venom, Int+3}
 88264 | Tomb:3   | Identified the +6 shortbow of Quathub {freeze, rElec Int-3
                  | Dex+3}
 88268 | Tomb:3   | Identified the +1 quarterstaff "Evvosaic" {vamp, rCorr
                  | Int+3}
 88269 | Tomb:3   | Identified the +4 ring mail "Anta" {Str+5 Slay-5}
 88272 | Tomb:3   | Identified the +12 short sword of Midsummer {drain, rElec}
 88421 | Tomb:3   | Reached skill level 1 in Conjurations
 88642 | Tomb:3   | Got a golden rune of Zot
 89477 | Depths:3 | Voluntarily entered the Abyss.
 89496 | Abyss:3  | Found a transporter.
 89503 | Abyss:3  | Found a transporter.
 89523 | Abyss:3  | Identified the ring "Vyvu" {Fly rCorr}
 89669 | Abyss:3  | Reached skill level 5 in Conjurations
 90033 | Depths:3 | Escaped the Abyss
 90357 | Depths:3 | Voluntarily entered the Abyss.
 90460 | Abyss:3  | Noticed an ancient lich
 90872 | Abyss:4  | Reached skill level 10 in Conjurations
 90948 | Abyss:4  | Paralysed by accursed screaming for 1 turns
 91246 | Abyss:4  | Identified the +3 ring mail of the Mango {rC+ MP+9 Str+2}
 91777 | Abyss:4  | Noticed an ancient lich
 91794 | Abyss:4  | Noticed an ancient lich
 91810 | Abyss:4  | Got an abyssal rune of Zot
 91814 | Abyss:4  | Killed an ancient lich
 91821 | Abyss:4  | Paralysed by a floating eye for 2 turns
 91824 | Abyss:4  | Killed an ancient lich
 91828 | Abyss:4  | Paralysed by a floating eye for 2 turns
 91997 | Depths:3 | Escaped the Abyss
 92081 | Depths:3 | Upgraded the game from 0.30-a0-1018-g25214051b3 to
                  | 0.30-a0-1035-g38d5fb2972
 92166 | Pan      | Entered Pandemonium
 92182 | Pan      | Noticed Tausunn the pandemonium lord
 92207 | Pan      | Killed Tausunn the pandemonium lord
 92565 | Pan      | Reached skill level 15 in Conjurations
 92723 | Pan      | Found an exit through the horrors of the Abyss.
 92732 | Pan      | Identified the ring "Eredgher" {Will+ Dex+3}
 93413 | Pan      | Noticed Ataohema the pandemonium lord
 93792 | Pan      | HP: 4/223 [something (33)]
 94870 | Pan      | Got a demonic rune of Zot
 96140 | Pan      | Noticed a seraph
 97082 | Pan      | Identified the +3 buckler of Kokhiym {Rampage Drain rF-
                  | Int+6}
 97096 | Pan      | Identified the +2 buckler of Plasticity {Dex+2 Slay+2}
 98727 | Pan      | Killed a seraph
 98796 | Pan      | Identified the staff of death "Osaan" {rN+ Dex+3}
 98804 | Pan      | Identified the staff of air "Yfe Regi" {rElec Int+5 SInv}
 98820 | Depths:2 | Escaped Pandemonium
 99159 | Zig:1    | Entered Level 1 of a ziggurat
 99208 | Zig:2    | Entered Level 2 of a ziggurat
 99267 | Zig:3    | Entered Level 3 of a ziggurat
 99368 | Zig:4    | Entered Level 4 of a ziggurat
 99448 | Zig:5    | Entered Level 5 of a ziggurat
 99601 | Zig:6    | Entered Level 6 of a ziggurat
 99609 | Zig:6    | Found the +4 consecrated labrys {holy, Valiant Fragile Fly
                  | SInv}
 99632 | Zig:6    | Identified the +9 dagger of Wicked True Grit {chaos, rElec
                  | MP+9}
 99635 | Zig:6    | Identified the +9 spear of the Ass {protect, Str+3}
 99786 | Zig:7    | Entered Level 7 of a ziggurat
 99812 | Zig:7    | HP: 3/226 [searing wretch (11)]
100127 | Zig:7    | Identified the staff of earth "Hanesu" {rF+ rC+ rCorr}
100233 | Zig:8    | Entered Level 8 of a ziggurat
100351 | Zig:9    | Entered Level 9 of a ziggurat
100384 | Zig:9    | Found the ring of Shadows {Umbra +Inv Stlth+}
100392 | Zig:9    | Identified the +7 short sword of Dyurai Xoong {antimagic,
                  | SInv}
100401 | Zig:9    | Identified the +4 dire flail of Fimbulwinter {vamp, rC-
                  | Int+7 Dex+3 Stlth-}
100600 | Zig:10   | Entered Level 10 of a ziggurat
100630 | Zig:10   | Identified the staff of cold "Kaexeack" {rC+ Str+3 Dex+3}
100771 | Zig:11   | Entered Level 11 of a ziggurat
100780 | Zig:11   | Noticed a dread lich
100780 | Zig:11   | Noticed an ancient lich
100781 | Zig:11   | Noticed a dread lich
100784 | Zig:11   | Killed a dread lich
100784 | Zig:11   | Killed a dread lich
100784 | Zig:11   | Killed an ancient lich
100872 | Zig:12   | Entered Level 12 of a ziggurat
100882 | Zig:12   | Paralysed by an air elemental for 1 turns
101111 | Zig:12   | Identified the staff of death "Igauneho" {rN+ Dex+2}
101120 | Zig:12   | Identified the +4 quarterstaff of Usauq {protect, Dex+5}
101147 | Zig:13   | Entered Level 13 of a ziggurat
101153 | Zig:13   | Noticed Lubu the pandemonium lord
101163 | Zig:13   | Killed Lubu the pandemonium lord
101173 | Zig:13   | Identified the +5 swamp dragon scales of Dosis {Fly rPois
                  | Str+4 Dex+3}
101180 | Zig:13   | Got the Papyrus of the Evil Eye
101182 | Zig:14   | Entered Level 14 of a ziggurat
101185 | Zig:14   | Paralysed by a floating eye for 4 turns
101199 | Zig:14   | Noticed Itzine the pandemonium lord
101201 | Zig:14   | Found the +8 demon trident "Rift" {distort, reach+}
101215 | Zig:14   | Identified the +1 helmet of the Cooper {rElec rF+ Int+3
                  | Dex-4}
101218 | Zig:14   | Identified the ring "Zesiqev" {Wiz rF++ Str+3 Dex-5}
101221 | Zig:15   | Entered Level 15 of a ziggurat
101239 | Zig:15   | Noticed an ancient lich
101240 | Zig:15   | Noticed an ancient lich
101252 | Zig:15   | Killed an ancient lich
101260 | Zig:15   | Identified the ring of Nisch {Fire rPois Str+2}
101264 | Zig:15   | Identified the staff of air "Mautez Orot" {rElec Dex+2
                  | Stlth+}
101273 | Zig:16   | Entered Level 16 of a ziggurat
101284 | Zig:16   | Noticed a dread lich
101865 | Lair:1   | Acquired 776 gold pieces
101866 | Lair:1   | Acquired the +1 pair of boots "Tebohaq" {Rampage}
101931 | D:11     | You paid a toll of a +8 demon whip to enter a treasure
                  | trove
101932 | Trove    | Entered a treasure trove
101992 | Trove    | Identified the +6 spear of Immorality {vamp, *Slow Will+
                  | Int+6}
102110 | Lair:1   | Learned a level 9 spell: Polar Vortex
102111 | Zig:1    | Entered Level 1 of a ziggurat
102117 | Zig:1    | Reached skill level 1 in Ice Magic
102153 | Zig:2    | Entered Level 2 of a ziggurat
102269 | Zig:3    | Entered Level 3 of a ziggurat
102297 | Zig:3    | Identified the ring of Reimbursement {rElec rCorr SInv}
102322 | Zig:4    | Entered Level 4 of a ziggurat
102392 | Zig:5    | Entered Level 5 of a ziggurat
102395 | Zig:5    | Reached skill level 5 in Ice Magic
102557 | Zig:6    | Entered Level 6 of a ziggurat
102640 | Zig:7    | Entered Level 7 of a ziggurat
102731 | Zig:7    | Identified the +9 dagger of Conservatism {elec, Fragile rC+
                  | Str+3 Dex+3}
102781 | Zig:8    | Entered Level 8 of a ziggurat
102992 | Zig:8    | Identified the staff of fire "Civiy" {rF+ Will+ Str+3}
103116 | Zig:9    | Entered Level 9 of a ziggurat
103124 | Zig:9    | Reached skill level 10 in Ice Magic
103341 | Zig:10   | Entered Level 10 of a ziggurat
103435 | Zig:10   | Identified the staff of air "Yxos" {Drain rElec Will+ MP+9
                  | Stlth+}
103466 | Zig:11   | Entered Level 11 of a ziggurat
103474 | Zig:11   | Noticed Wuarogat the pandemonium lord
103474 | Zig:11   | Noticed Hoeguosm the pandemonium lord
103475 | Zig:11   | Noticed Ymisiyle the pandemonium lord
103481 | Zig:11   | Noticed Jount the pandemonium lord
103486 | Zig:11   | Killed Hoeguosm the pandemonium lord
103486 | Zig:11   | Killed Wuarogat the pandemonium lord
103486 | Zig:11   | Killed Ymisiyle the pandemonium lord
103491 | Zig:11   | Killed Jount the pandemonium lord
103811 | Zig:11   | Identified the ring "Ziys" {rPois rF- rC+ rCorr}
103953 | Zig:12   | Entered Level 12 of a ziggurat
103962 | Zig:12   | Noticed Zuxauppe the pandemonium lord
103973 | Zig:12   | Killed Zuxauppe the pandemonium lord
104137 | Zig:12   | Got the Quarto of the Red Swarm
104161 | Zig:12   | Lost mutation: Armour fits poorly on your strangely shaped
                  | body. [potion of mutation]
104161 | Zig:12   | Lost mutation: You have a pair of small horns on your head.
                  | [potion of mutation]
104161 | Zig:12   | Lost mutation: You are very clumsy. (Dex -4) [potion of
                  | mutation]
104161 | Zig:12   | Gained mutation: You occasionally lose the ability to drink
                  | potions when taking damage. [potion of mutation]
104161 | Zig:12   | Gained mutation: You have a considerably increased
                  | reservoir of magic. (+20% MP) [potion of mutation]
104162 | Zig:12   | Lost mutation: You occasionally lose the ability to drink
                  | potions when taking damage. [potion of mutation]
104162 | Zig:12   | Lost mutation: You are very weak. (Str -4) [potion of
                  | mutation]
104162 | Zig:12   | Lost mutation: You are clumsy. (Dex -2) [potion of
                  | mutation]
104163 | Zig:12   | Lost mutation: You have a considerably increased reservoir
                  | of magic. (+20% MP) [potion of mutation]
104163 | Zig:12   | Lost mutation: You are weak. (Str -2) [potion of mutation]
104163 | Zig:12   | Gained mutation: Your skin changes colour to match your
                  | surroundings (Stealth+). [potion of mutation]
104163 | Zig:12   | Gained mutation: You are somewhat resistant to further
                  | mutation. [potion of mutation]
104163 | Zig:12   | Gained mutation: You possess an exceptional clarity of
                  | mind. [potion of mutation]
104284 | Zig:13   | Entered Level 13 of a ziggurat
104295 | Zig:13   | Found the +13 scythe of Curses {drain, curses, Drain}
104326 | Zig:13   | Identified the ring of Fuan {rN+ Will+ Str+6 Slay+3 Stlth+}
104340 | Zig:13   | Identified the +1 scale mail of Ofauphox {Str+4 Dex+4}
104534 | Zig:14   | Entered Level 14 of a ziggurat
104547 | Zig:14   | Found the +11 Singing Sword {sonic wave}
104754 | Zig:15   | Entered Level 15 of a ziggurat
104760 | Zig:15   | Noticed a juggernaut
104760 | Zig:15   | Noticed a juggernaut
104761 | Zig:15   | Noticed a juggernaut
104764 | Zig:15   | Killed a juggernaut
104766 | Zig:15   | Killed a juggernaut
104766 | Zig:15   | Noticed a juggernaut
104767 | Zig:15   | Killed a juggernaut
104774 | Zig:15   | Killed a juggernaut
104956 | Zig:15   | Identified the +3 lajatang of Suph {speed, Dex+3}
104957 | Zig:15   | Identified the +9 long sword of Xuxu {freeze, Int-2 Dex+4
                  | SInv Stlth+}
104962 | Zig:15   | Identified the +10 dire flail "Wuraepno" {elec, Fly}
104963 | Zig:15   | Identified the +4 glaive "Jakoroeh" {heavy, rN+}
104975 | Zig:15   | Identified the amulet of Wuylla {Spirit +Inv rElec rC-
                  | rCorr}
104980 | Zig:15   | Reached skill level 15 in Ice Magic
105004 | Zig:16   | Entered Level 16 of a ziggurat
105016 | Zig:16   | Noticed an ancient lich
105018 | Zig:16   | Noticed a dread lich
105018 | Zig:16   | Noticed a dread lich
105019 | Zig:16   | Found the +7 captain's cutlass {speed, disarm}
105022 | Zig:16   | Noticed an ancient lich
105026 | Zig:16   | Killed an ancient lich
105026 | Zig:16   | Killed a dread lich
105035 | Zig:16   | Killed a dread lich
105039 | Zig:16   | Killed an ancient lich
105172 | Zig:16   | Identified the +1 dagger of the Median {protect, rElec
                  | rCorr Int-3 Dex+3}
105175 | Zig:16   | Identified the staff of conjuration "Sinwox" {rElec}
105182 | Zig:16   | Identified the staff of cold "Ruwnuev" {rC+ Int+2 SInv}
105192 | Zig:16   | Identified the ring of Suimp {rN+ Int+2}
105282 | Zig:17   | Entered Level 17 of a ziggurat
105326 | Zig:17   | Got the Spellbook of Exothermic Rallying
105334 | Zig:17   | Identified the +1 whip "Utenaq" {heavy, Dex+3}
105531 | Zig:18   | Entered Level 18 of a ziggurat
105576 | Zig:18   | Identified the staff of air "Porhing" {rElec rF+ Str-4
                  | Int+4}
105578 | Zig:18   | Identified the ring of the Black Skies {Ice rPois Will-
                  | Str+5}
105590 | Zig:19   | Entered Level 19 of a ziggurat
105837 | Zig:19   | Identified the +8 flail of Kismet {heavy, rC+}
105840 | Zig:19   | Identified the +7 shortbow "Oguxtir" {flame, rElec Int+3}
105841 | Zig:19   | Identified the ring "Voyrad" {rPois Will- MP+9 AC+4 Str+6}
105842 | Zig:19   | Identified the amulet of Moettiunoa {Faith rN+ Int+2}
105915 | Zig:20   | Entered Level 20 of a ziggurat
106065 | Zig:20   | Identified the +1 halberd of Tenacity {antimagic, rPois
                  | rCorr Int-2 Dex+3}
106083 | Zig:20   | Identified the staff of air "Ecwoarre" {rElec Will+ Int+3}
106086 | Zig:20   | Identified the staff of conjuration "Yfiumeca" {Stlth+}
106093 | Zig:20   | Identified the ring of Jimuli {rElec rPois rN+ Slay-3
                  | Stlth+}
106211 | Zig:21   | Entered Level 21 of a ziggurat
106224 | Zig:21   | Paralysed by a floating eye for 3 turns
106378 | Zig:21   | Identified the +3 pair of gloves of Dishonour {Fly Int+2
                  | Dex+4}
106685 | Zig:22   | Entered Level 22 of a ziggurat
106869 | Zig:22   | Identified the +5 glaive of the Fray {drain, rElec Will-
                  | Str+5 Int-3}
106904 | Zig:22   | Identified the +0 plate armour "Qucirinu" {+Blink rPois
                  | Int+2}
106905 | Zig:22   | Identified the amulet of Saagagau {RegenMP Slay+2 Stlth+}
106950 | Zig:23   | Entered Level 23 of a ziggurat
106966 | Zig:23   | Noticed an ancient lich
106968 | Zig:23   | Noticed an ancient lich
106969 | Zig:23   | Noticed an ancient lich
106973 | Zig:23   | Killed an ancient lich
106975 | Zig:23   | Killed an ancient lich
106975 | Zig:23   | Killed an ancient lich
107116 | Zig:23   | Identified the +7 sling "Jerrog" {flame, rF++ Will-}
107120 | Zig:23   | Identified the ring of Calinguo {Str+3 Int+6}
107124 | Zig:23   | Identified the +1 shortbow of Qaah {speed, rElec rN+++
                  | Dex-3}
107134 | Zig:23   | Identified the staff of earth "Ycwoc" {Dex+5 Stlth-}
107186 | Zig:24   | Entered Level 24 of a ziggurat
107215 | Zig:24   | Found the +7 Spriggan's Knife {stab, EV+4 Stlth+}
107375 | Zig:24   | Identified the staff of death "Wileoq" {rN+ Will+}
107387 | Zig:24   | Acquired the +0 cloak of Orthodoxy {Dex+5}
107461 | Zig:25   | Entered Level 25 of a ziggurat
107475 | Zig:25   | Paralysed by an air elemental for 1 turns
107546 | Zig:25   | Found the +3 Elemental Staff {rElec rF++ rC++ AC+5}
107660 | Zig:25   | Identified the +3 chain mail "Townenyscho" {rC+ Dex-4 SInv
                  | Stlth+}
107664 | Zig:25   | Identified the staff of fire "Byali" {rElec rPois rF+ rC-
                  | Stlth+}
107672 | Zig:25   | Identified the +4 trident of the Key {freeze, Stlth+}
107674 | Zig:25   | Identified the +2 great mace "Rohuic" {flame, rPois Str+4}
107677 | Zig:25   | Identified the +0 chain mail "Minesenk" {-Tele MP+9 Dex+3}
107682 | Zig:25   | Identified the ring of Daisies {rPois Dex+2}
107683 | Zig:25   | Identified the ring "Nizueb" {*Corrode rF+ rN+++ Slay+5}
107692 | Zig:25   | Identified the +0 leather armour of Heresy {-Cast Regen+
                  | Stlth+}
107820 | Zig:26   | Entered Level 26 of a ziggurat
107901 | Zig:26   | Identified the +7 quick blade "Poekk" {freeze, Int+2}
107902 | Zig:26   | Identified the +5 hand axe "Qanuixoc" {heavy, rElec rPois
                  | rN+}
107904 | Zig:26   | Identified the staff of death "Ytok" {rN+ Will+ MP+9
                  | Stlth+}
107914 | Zig:26   | Identified the ring "Bakomn Dusa" {rPois rF+ rCorr Str+2
                  | Int-5}
107930 | Zig:26   | Identified the ring "Zaro" {rF+ Int+3}
107942 | Zig:26   | Identified the +0 great sword "Ogrebane" {flame, rC+}
107943 | Zig:26   | Identified the staff of conjuration "Boohah" {rElec SInv}
107945 | Zig:26   | Identified the +2 robe "Hiyhodd" {-Tele Fly rC+ Slay+2}
108081 | Zig:27   | Entered Level 27 of a ziggurat
108135 | Zig:27   | Identified the +1 morningstar of Eternal Night {pain, *Rage
                  | Str+4 Int+6}
108149 | Zig:27   | Identified the staff of death "Buodo" {Drain rN+ Dex+2
                  | Stlth+}
108155 | Zig:27   | Identified the ring of Anabic {Dex+6 SInv}
108159 | Zig:27   | Identified the staff of earth "Nositris" {rPois}
108165 | Zig:27   | Identified the +2 war axe of the Purse {protect, *Noise Fly
                  | MP+9 Int+6}
108175 | Zig:27   | Identified the ring "Pipyky" {rF++ EV+5}
108177 | Zig:27   | Got the Precepts of Airy Unholy Rites
108311 | Zig:1    | Entered Level 1 of a ziggurat
108432 | Zig:2    | Entered Level 2 of a ziggurat
108434 | Zig:2    | Reached skill level 15 in Fighting
108487 | Zig:3    | Entered Level 3 of a ziggurat
108580 | Zig:4    | Entered Level 4 of a ziggurat
108581 | Zig:4    | Noticed a dread lich
108584 | Zig:4    | Killed a dread lich
108601 | Zig:4    | Identified the +7 mace "Faskaeh" {vamp, rN+}
108705 | Zig:5    | Entered Level 5 of a ziggurat
108983 | Zig:6    | Entered Level 6 of a ziggurat
109005 | Zig:6    | Identified the staff of death "Vieghaat" {rF+++ rC+ rN+
                  | Will+ Dex-5}
109015 | Zig:6    | Identified the +9 lajatang "Oqiunio" {freeze, rF+ Str-5
                  | Dex+3 Stlth+}
109018 | Zig:6    | Identified the amulet of Inaache {RegenMP rElec}
109083 | Zig:7    | Entered Level 7 of a ziggurat
109115 | Zig:7    | Identified the +0 ring mail of Tenacity {Rampage Will+
                  | Int+3}
109117 | Zig:7    | Identified the +1 leather armour "Tekitim" {rC- MP+9 Dex+4}
109157 | Zig:8    | Entered Level 8 of a ziggurat
109167 | Zig:8    | Reached skill level 27 in Spellcasting
109174 | Zig:8    | Identified the staff of air "Fiagg" {+Blink rElec rC- rN+
                  | Dex+3}
109191 | Zig:8    | Identified the +3 cloak of Temperance {Int+5}
109352 | Zig:9    | Entered Level 9 of a ziggurat
109381 | Zig:9    | Identified the +3 leather armour "Pahukliy" {Regen+ Slay+2}
109387 | Zig:9    | Identified the ring of Mokhyoc {+Blink rElec MP+9}
109425 | Zig:10   | Entered Level 10 of a ziggurat
109454 | Zig:10   | Got the Notes on Moulding
109455 | Zig:10   | Identified the +1 buckler "Tasoso" {rPois Str+3 Int+3
                  | Stlth+}
109469 | Zig:10   | Identified the +8 plate armour "Ebris" {Fly rF- Str+4}
109500 | Zig:11   | Entered Level 11 of a ziggurat
109541 | Zig:11   | Identified the +2 pair of boots "Fush" {Harm rN++}
109544 | Zig:11   | Identified the +5 trident of Neaboext {elec, Int+5}
109545 | Zig:11   | Identified the +0 helmet "Weqex" {Rampage Regen+ rCorr}
109550 | Zig:11   | Identified the staff of poison "Mazuag" {rElec rPois rC+++
                  | rCorr Stlth+}
109652 | Zig:12   | Entered Level 12 of a ziggurat
109673 | Zig:12   | Identified the ring "Reptofes" {Will++ SInv}
109677 | Zig:12   | Identified the +8 long sword "Widowmaker" {freeze, Contam
                  | rElec rN++ Str+3}
109692 | Zig:12   | Identified the staff of cold "Zetagry" {rPois rC+}
109696 | Zig:12   | Identified the +6 sling "Deteqak" {flame, rCorr Int+3
                  | Dex+3}
109706 | Zig:12   | Identified the +0 pair of gloves of the Contumacious God
                  | {rElec rN+ Int+5}
109854 | Zig:12   | Learned a level 8 spell: Discord
109855 | Zig:13   | Entered Level 13 of a ziggurat
109871 | Zig:13   | Reached skill level 5 in Hexes
109896 | Zig:13   | Identified the staff of air "Ciusmi" {rElec rPois}
109900 | Zig:13   | Identified the +5 leather armour "Ynawaace" {rF+++ rC-
                  | Str+4}
109909 | Zig:13   | Identified the +10 quarterstaff of the Establishment
                  | {heavy, rElec Dex-5 SInv}
109998 | Zig:14   | Entered Level 14 of a ziggurat
110016 | Zig:14   | Found the ring of the Tortoise {AC+8}
110171 | Zig:14   | Reached skill level 10 in Hexes
110178 | Zig:14   | Identified the +0 buckler "Ofus" {rF+ Dex+3}
110182 | Zig:14   | Identified the amulet of Absolutism {Faith Int+3 Dex+5}
110185 | Zig:14   | Identified the +1 short sword "Laquasurch" {antimagic,
                  | rElec Dex+3}
110192 | Zig:14   | Identified the +0 pair of boots of the Arcane {rElec}
110193 | Zig:14   | Identified the staff of fire "Piromyas" {rElec rF+}
110306 | Zig:15   | Entered Level 15 of a ziggurat
110398 | Zig:16   | Entered Level 16 of a ziggurat
110426 | Zig:16   | Identified the +2 robe "Emuom" {Str+5 Int-2 Dex+3}
110427 | Zig:16   | Identified the +4 glaive "Tormentor" {chaos, rF+++ Int+5
                  | Dex-5}
110429 | Zig:16   | Identified the staff of conjuration "Nawkior" {Will+ Str+3}
110430 | Zig:16   | Identified the +2 great sword of Balance {elec, Dex+2}
110445 | Zig:16   | Identified the staff of cold "Orieluet" {rPois rF- rC+
                  | Str-4 Int+6}
110452 | Zig:16   | Identified the staff of poison "Vaolaf" {rElec rPois rF+
                  | rN++}
110454 | Zig:16   | Got the Exposition on Transition and the Squall
110455 | Zig:16   | Identified the ring "Hoem" {rPois MP+9 Int+4 Slay+3}
110457 | Zig:16   | Identified the +6 glaive "Dragon's Tongue" {venom, Dex+3}
110458 | Zig:16   | Identified the +2 cloak "Kamupu" {Will++ rCorr}
110511 | Zig:17   | Entered Level 17 of a ziggurat
110517 | Zig:17   | Noticed a dread lich
110526 | Zig:17   | Killed a dread lich
110529 | Zig:17   | Found the amulet of Elemental Vulnerability {rPois rF--
                  | rC-- AC+8}
110529 | Zig:17   | Paralysed by accursed screaming for 1 turns
110535 | Zig:17   | Paralysed by accursed screaming for 1 turns
110738 | Zig:17   | Identified the ring "Sigeppock" {Drain rPois rC+ Will+
                  | SInv}
110747 | Zig:17   | Identified the ring "Ifehekh" {Will++ Str+6 Dex-2 SInv}
110789 | Zig:18   | Entered Level 18 of a ziggurat
110885 | Zig:18   | Identified the +8 whip of Wounding {freeze, rC+ rN++ Int-2}
110943 | Zig:19   | Entered Level 19 of a ziggurat
111126 | Zig:20   | Entered Level 20 of a ziggurat
111210 | Zig:20   | Identified the staff of cold "Xauwkof" {rElec rC+ MP+9
                  | SInv}
111242 | Zig:21   | Entered Level 21 of a ziggurat
111261 | Zig:21   | Paralysed by accursed screaming for 2 turns
111268 | Zig:21   | Paralysed by accursed screaming for 2 turns
111292 | Zig:21   | Identified the +3 leather armour of Dishonesty {Will+}
111305 | Zig:21   | Identified the staff of air "Rizxamyk" {rElec rC+ Stlth+}
111319 | Zig:21   | Identified the +2 flail of Hubris {vamp, rElec}
111328 | Zig:21   | Identified the amulet of Ottiy {Faith rElec rPois Will-
                  | Str+2}
111396 | Zig:22   | Entered Level 22 of a ziggurat
111474 | Zig:23   | Entered Level 23 of a ziggurat
111504 | Zig:23   | Found the +8 autumn katana {manifold assault}
111505 | Zig:23   | Noticed a dread lich
111537 | Zig:23   | Gained mutation: You are vulnerable to cold. (rC-) [a
                  | cacodemon]
111634 | Zig:23   | Paralysed by accursed screaming for 2 turns
111635 | Abyss:5  | Cast into level 5 of the Abyss (spatial maelstrom)
111692 | Zig:23   | Escaped the Abyss
111693 | Zig:23   | Paralysed by accursed screaming for 2 turns
111706 | Zig:23   | Killed a dread lich
111974 | Zig:23   | Identified the +2 robe of the Crushed Scars {Dex+3}
111978 | Zig:23   | Identified the ring of Joun {rPois rF+ rN+ Dex+6}
112004 | Zig:23   | Identified the staff of poison "Iklorph" {rPois Stlth+}
112019 | Zig:23   | Identified the +3 spear of the Eight Knives {flame, +Blink
                  | Will++ Str+5}
112024 | Zig:23   | Identified the ring of Ushreak {Fire rElec Int+3}
112025 | Zig:23   | Identified the staff of poison "Zynuqix" {rPois rF+}
112058 | Zig:24   | Entered Level 24 of a ziggurat
112179 | Zig:24   | Identified the staff of fire "Nole Soj" {rPois rF+ rC++
                  | MP+9 Int-3}
112190 | Zig:24   | Identified the staff of poison "Lopil" {rPois Str+3 Dex+8}
112191 | Zig:24   | Identified the +1 leather armour "Pit Nyqu" {Will++}
112193 | Zig:24   | Identified the +1 great mace "Buwesabuis" {flame, rElec
                  | rN++}
112265 | Zig:24   | Lost mutation: Your skin changes colour to match your
                  | surroundings (Stealth+). [potion of mutation]
112265 | Zig:24   | Lost mutation: You are somewhat resistant to further
                  | mutation. [potion of mutation]
112265 | Zig:24   | Lost mutation: You are vulnerable to cold. (rC-) [potion of
                  | mutation]
112265 | Zig:24   | Lost mutation: You possess an exceptional clarity of mind.
                  | [potion of mutation]
112265 | Zig:24   | Gained mutation: You have hidden genetic potential. [potion
                  | of mutation]
112265 | Zig:24   | Gained mutation: You have a considerably increased
                  | reservoir of magic. (+20% MP) [potion of mutation]
112265 | Zig:24   | Gained mutation: You expend magic power (3 MP) to
                  | strengthen your wands. [potion of mutation]
112266 | Zig:24   | Lost mutation: You have a considerably increased reservoir
                  | of magic. (+20% MP) [potion of mutation]
112266 | Zig:24   | Lost mutation: You have hidden genetic potential. [potion
                  | of mutation]
112266 | Zig:24   | Gained mutation: Your spells are a little harder to cast,
                  | but a little more powerful. [potion of mutation]
112266 | Zig:24   | Gained mutation: You sometimes lose your temper in combat.
                  | [potion of mutation]
112267 | Zig:24   | Lost mutation: Your spells are a little harder to cast, but
                  | a little more powerful. [potion of mutation]
112267 | Zig:24   | Lost mutation: You sometimes lose your temper in combat.
                  | [potion of mutation]
112267 | Zig:24   | Lost mutation: You expend magic power (3 MP) to strengthen
                  | your wands. [potion of mutation]
112267 | Zig:24   | Gained mutation: You sometimes lose your temper in combat.
                  | [potion of mutation]
112267 | Zig:24   | Gained mutation: Your spells are a little easier to cast,
                  | but a little less powerful. [potion of mutation]
112267 | Zig:24   | Gained mutation: Your mind is acute. (Int +4, Str/Dex -1)
                  | [potion of mutation]
112268 | Zig:24   | Lost mutation: Your mind is acute. (Int +4, Str/Dex -1)
                  | [potion of mutation]
112268 | Zig:24   | Lost mutation: You sometimes lose your temper in combat.
                  | [potion of mutation]
112268 | Zig:24   | Lost mutation: Your spells are a little easier to cast, but
                  | a little less powerful. [potion of mutation]
112268 | Zig:24   | Gained mutation: Your muscles are strong. (Str +4, Int/Dex
                  | -1) [potion of mutation]
112268 | Zig:24   | Gained mutation: You have hidden genetic defects. [potion
                  | of mutation]
112268 | Zig:24   | Gained mutation: You are dopey. (Int -2) [potion of
                  | mutation]
112268 | Zig:24   | Lost mutation: You are dopey. (Int -2) [potion of mutation]
112269 | Zig:24   | Lost mutation: Your muscles are strong. (Str +4, Int/Dex
                  | -1) [potion of mutation]
112269 | Zig:24   | Lost mutation: You have hidden genetic defects. [potion of
                  | mutation]
112269 | Zig:24   | Gained mutation: Your mind is acute. (Int +4, Str/Dex -1)
                  | [potion of mutation]
112269 | Zig:24   | Gained mutation: Your system is resistant to poisons.
                  | (rPois) [potion of mutation]
112269 | Zig:24   | Gained mutation: Your movements are slightly less
                  | encumbered by armour. (ER -2) [potion of mutation]
112274 | Zig:24   | Lost mutation: Your system is resistant to poisons. (rPois)
                  | [potion of mutation]
112274 | Zig:24   | Lost mutation: Your mind is acute. (Int +4, Str/Dex -1)
                  | [potion of mutation]
112274 | Zig:24   | Gained mutation: You have large cloven feet. [potion of
                  | mutation]
112274 | Zig:24   | Gained mutation: Your spells are a little harder to cast,
                  | but a little more powerful. [potion of mutation]
112275 | Zig:24   | Lost mutation: You have large cloven feet. [potion of
                  | mutation]
112275 | Zig:24   | Lost mutation: Your spells are a little harder to cast, but
                  | a little more powerful. [potion of mutation]
112275 | Zig:24   | Lost mutation: Your movements are slightly less encumbered
                  | by armour. (ER -2) [potion of mutation]
112275 | Zig:24   | Gained mutation: You are frail. (-10% HP) [potion of
                  | mutation]
112275 | Zig:24   | Gained mutation: You are clumsy. (Dex -2) [potion of
                  | mutation]
112276 | Zig:24   | Lost mutation: You are frail. (-10% HP) [potion of
                  | mutation]
112276 | Zig:24   | Lost mutation: You are clumsy. (Dex -2) [potion of
                  | mutation]
112276 | Zig:24   | Gained mutation: You passively map a small area around you.
                  | [potion of mutation]
112276 | Zig:24   | Gained mutation: You are somewhat resistant to further
                  | mutation. [potion of mutation]
112276 | Zig:24   | Gained mutation: You have a pair of small antennae on your
                  | head. [potion of mutation]
112277 | Zig:24   | Lost mutation: You passively map a small area around you.
                  | [potion of mutation]
112277 | Zig:24   | Lost mutation: You have a pair of small antennae on your
                  | head. [potion of mutation]
112277 | Zig:24   | Lost mutation: You are somewhat resistant to further
                  | mutation. [potion of mutation]
112277 | Zig:24   | Gained mutation: Your spells are a little easier to cast,
                  | but a little less powerful. [potion of mutation]
112277 | Zig:24   | Gained mutation: You have a pair of small horns on your
                  | head. [potion of mutation]
112277 | Zig:24   | Gained mutation: You possess an exceptional clarity of
                  | mind. [potion of mutation]
112278 | Zig:24   | Lost mutation: You possess an exceptional clarity of mind.
                  | [potion of mutation]
112278 | Zig:24   | Lost mutation: Your spells are a little easier to cast, but
                  | a little less powerful. [potion of mutation]
112278 | Zig:24   | Gained mutation: You expend magic power (3 MP) to
                  | strengthen your wands. [potion of mutation]
112278 | Zig:24   | Gained mutation: You have large cloven feet. [potion of
                  | mutation]
112278 | Zig:24   | Lost mutation: You expend magic power (3 MP) to strengthen
                  | your wands. [potion of mutation]
112279 | Zig:24   | Lost mutation: You have a pair of small horns on your head.
                  | [potion of mutation]
112279 | Zig:24   | Lost mutation: You have large cloven feet. [potion of
                  | mutation]
112279 | Zig:24   | Gained mutation: Your mind is acute. (Int +4, Str/Dex -1)
                  | [potion of mutation]
112280 | Zig:24   | Lost mutation: Your mind is acute. (Int +4, Str/Dex -1)
                  | [potion of mutation]
112280 | Zig:24   | Gained mutation: Your flesh is cold resistant. (rC+)
                  | [potion of mutation]
112280 | Zig:24   | Gained mutation: You are strong-willed. (Will+) [potion of
                  | mutation]
112280 | Zig:24   | Gained mutation: You are covered in fur. (AC +1) [potion of
                  | mutation]
112281 | Zig:24   | Lost mutation: You are strong-willed. (Will+) [potion of
                  | mutation]
112281 | Zig:24   | Lost mutation: Your flesh is cold resistant. (rC+) [potion
                  | of mutation]
112281 | Zig:24   | Lost mutation: You are covered in fur. (AC +1) [potion of
                  | mutation]
112281 | Zig:24   | Gained mutation: Armour fits poorly on your strangely
                  | shaped body. [potion of mutation]
112282 | Zig:24   | Lost mutation: Armour fits poorly on your strangely shaped
                  | body. [potion of mutation]
112282 | Zig:24   | Gained mutation: You are frail. (-10% HP) [potion of
                  | mutation]
112282 | Zig:24   | Gained mutation: You have supernaturally acute eyesight.
                  | (SInv) [potion of mutation]
112283 | Zig:24   | Lost mutation: You are frail. (-10% HP) [potion of
                  | mutation]
112283 | Zig:24   | Lost mutation: You have supernaturally acute eyesight.
                  | (SInv) [potion of mutation]
112283 | Zig:24   | Gained mutation: You have a pair of small horns on your
                  | head. [potion of mutation]
112283 | Zig:24   | Gained mutation: You have hidden genetic potential. [potion
                  | of mutation]
112283 | Zig:24   | Gained mutation: Your body sometimes deteriorates upon
                  | taking damage. [potion of mutation]
112284 | Zig:24   | Lost mutation: You have hidden genetic potential. [potion
                  | of mutation]
112284 | Zig:24   | Lost mutation: You have a pair of small horns on your head.
                  | [potion of mutation]
112284 | Zig:24   | Gained mutation: Potions are less effective at restoring
                  | your health. [potion of mutation]
112284 | Zig:24   | Gained mutation: You possess an exceptional clarity of
                  | mind. [potion of mutation]
112284 | Zig:24   | Gained mutation: You occasionally lose the ability to drink
                  | potions when taking damage. [potion of mutation]
112284 | Zig:24   | Gained mutation: You have sharp fingernails. [potion of
                  | mutation]
112285 | Zig:24   | Lost mutation: Your body sometimes deteriorates upon taking
                  | damage. [potion of mutation]
112285 | Zig:24   | Lost mutation: You occasionally lose the ability to drink
                  | potions when taking damage. [potion of mutation]
112285 | Zig:24   | Gained mutation: You occasionally shout uncontrollably at
                  | your foes. [potion of mutation]
112285 | Zig:24   | Gained mutation: You have large cloven feet. [potion of
                  | mutation]
112286 | Zig:24   | Lost mutation: You occasionally shout uncontrollably at
                  | your foes. [potion of mutation]
112286 | Zig:24   | Lost mutation: Potions are less effective at restoring your
                  | health. [potion of mutation]
112286 | Zig:24   | Gained mutation: You have supernaturally acute eyesight.
                  | (SInv) [potion of mutation]
112286 | Zig:24   | Gained mutation: You have a considerably increased
                  | reservoir of magic. (+20% MP) [potion of mutation]
112287 | Zig:24   | Lost mutation: You have a considerably increased reservoir
                  | of magic. (+20% MP) [potion of mutation]
112287 | Zig:24   | Lost mutation: You have supernaturally acute eyesight.
                  | (SInv) [potion of mutation]
112287 | Zig:24   | Lost mutation: You possess an exceptional clarity of mind.
                  | [potion of mutation]
112287 | Zig:24   | Gained mutation: You are robust. (+10% HP) [potion of
                  | mutation]
112287 | Zig:24   | Gained mutation: Your muscles are strong. (Str +4, Int/Dex
                  | -1) [potion of mutation]
112288 | Zig:24   | Lost mutation: You have large cloven feet. [potion of
                  | mutation]
112288 | Zig:24   | Lost mutation: You have sharp fingernails. [potion of
                  | mutation]
112288 | Zig:24   | Gained mutation: You have a pair of small horns on your
                  | head. [potion of mutation]
112288 | Zig:24   | Lost mutation: Your muscles are strong. (Str +4, Int/Dex
                  | -1) [potion of mutation]
112289 | Zig:24   | Lost mutation: You have a pair of small horns on your head.
                  | [potion of mutation]
112289 | Zig:24   | Lost mutation: You are robust. (+10% HP) [potion of
                  | mutation]
112289 | Zig:24   | Gained mutation: You expend magic power (3 MP) to
                  | strengthen your wands. [potion of mutation]
112289 | Zig:24   | Gained mutation: Your system is resistant to poisons.
                  | (rPois) [potion of mutation]
112289 | Zig:24   | Gained mutation: Your muscles are strong. (Str +4, Int/Dex
                  | -1) [potion of mutation]
112290 | Zig:24   | Lost mutation: Your system is resistant to poisons. (rPois)
                  | [potion of mutation]
112290 | Zig:24   | Lost mutation: You expend magic power (3 MP) to strengthen
                  | your wands. [potion of mutation]
112290 | Zig:24   | Gained mutation: You have hidden genetic potential. [potion
                  | of mutation]
112290 | Zig:24   | Gained mutation: You are partially covered in iridescent
                  | scales. (AC +2) [potion of mutation]
112290 | Zig:24   | Gained mutation: You are partially covered in large bone
                  | plates. (SH +4) [potion of mutation]
112291 | Zig:24   | Lost mutation: You are partially covered in iridescent
                  | scales. (AC +2) [potion of mutation]
112291 | Zig:24   | Lost mutation: You are partially covered in large bone
                  | plates. (SH +4) [potion of mutation]
112291 | Zig:24   | Lost mutation: Your muscles are strong. (Str +4, Int/Dex
                  | -1) [potion of mutation]
112291 | Zig:24   | Gained mutation: You are covered in fur. (AC +1) [potion of
                  | mutation]
112292 | Zig:24   | Lost mutation: You are covered in fur. (AC +1) [potion of
                  | mutation]
112292 | Zig:24   | Lost mutation: You have hidden genetic potential. [potion
                  | of mutation]
112292 | Zig:24   | Gained mutation: You are vulnerable to heat. (rF-) [potion
                  | of mutation]
112292 | Zig:24   | Gained mutation: You occasionally shout uncontrollably at
                  | your foes. [potion of mutation]
112292 | Zig:24   | Gained mutation: You have supernaturally acute eyesight.
                  | (SInv) [potion of mutation]
112293 | Zig:24   | Lost mutation: You have supernaturally acute eyesight.
                  | (SInv) [potion of mutation]
112293 | Zig:24   | Lost mutation: You occasionally shout uncontrollably at
                  | your foes. [potion of mutation]
112293 | Zig:24   | Gained mutation: Your spells are a little harder to cast,
                  | but a little more powerful. [potion of mutation]
112294 | Zig:24   | Lost mutation: Your spells are a little harder to cast, but
                  | a little more powerful. [potion of mutation]
112294 | Zig:24   | Lost mutation: You are vulnerable to heat. (rF-) [potion of
                  | mutation]
112294 | Zig:24   | Gained mutation: You expend magic power (3 MP) to
                  | strengthen your wands. [potion of mutation]
112294 | Zig:24   | Gained mutation: You are partially covered in iridescent
                  | scales. (AC +2) [potion of mutation]
112294 | Zig:24   | Gained mutation: You possess an exceptional clarity of
                  | mind. [potion of mutation]
112348 | Zig:25   | Entered Level 25 of a ziggurat
112390 | Zig:25   | Found the +8 lance "Wyrmbane" {slay drac, rPois rF+ rC+
                  | AC+3}
112390 | Zig:25   | Found the +1 cloak of Starlight {*Dazzle EV+4 Stlth--}
112535 | Zig:25   | Identified the staff of poison "Garaeffi" {rPois rCorr
                  | Int-2 Dex+2 SInv}
112555 | Zig:25   | Identified the +10 long sword of the Magi {holy, rElec
                  | Will- rCorr}
112569 | Zig:25   | Identified the +0 fire dragon scales of Plog {rPois rF++
                  | rC- Int-2 Slay+5 SInv}
112571 | Zig:25   | Identified the +2 chain mail of the Evil One {Will+ Dex+2}
112577 | Zig:25   | Identified the staff of air "Paginnim" {rElec Dex+2}
112628 | Zig:26   | Entered Level 26 of a ziggurat
112672 | Zig:26   | Reached skill level 27 in Dodging
112845 | Zig:26   | Identified the ring "Qova" {Wiz Int+3}
112846 | Zig:26   | Identified the staff of cold "Hethrafill" {rC+ Str+4}
112851 | Zig:26   | Identified the +7 chain mail "Trusted Companion" {MP+9
                  | Slay+5}
112903 | Zig:27   | Entered Level 27 of a ziggurat
112974 | Zig:27   | Identified the +6 spear of Daock {freeze, rElec}
112981 | Zig:27   | Identified the staff of air "Laor" {rElec Dex+3}
113017 | Zig:27   | Identified the ring of Winter {Will+ SInv}
113338 | Orc:2    | Bought a potion of cancellation for 128 gold pieces
113338 | Orc:2    | Bought a potion of invisibility for 128 gold pieces
113576 | Depths:4 | Bought a potion of magic for 112 gold pieces
113771 | Zig:1    | Entered Level 1 of a ziggurat
113791 | Zig:2    | Entered Level 2 of a ziggurat
113804 | Zig:2    | Identified the staff of air "Koul" {rElec rF+ rN+ MP+9}
113891 | Zig:3    | Entered Level 3 of a ziggurat
113891 | Zig:3    | Noticed an ancient lich
113895 | Zig:3    | Killed an ancient lich
113971 | Zig:4    | Entered Level 4 of a ziggurat
113999 | Zig:4    | Identified the +3 flail "Iraqoroi" {flame, rC+ Dex+4}
114002 | Zig:4    | Identified the +2 short sword of the Hungering Enemy {holy,
                  | rElec rC- rN+ SInv}
114035 | Zig:5    | Entered Level 5 of a ziggurat
114043 | Zig:5    | Reached skill level 27 in Fighting
114057 | Zig:5    | Identified the staff of conjuration "Ijishiuq" {rElec rPois
                  | rF- Str-4}
114061 | Zig:5    | Identified the +12 war axe of Eternal War {heavy, rElec rN+
                  | Str+4 Dex+3}
114138 | Zig:6    | Entered Level 6 of a ziggurat
114144 | Zig:6    | Reached skill level 27 in Ranged Weapons
114148 | Zig:6    | Reached skill level 10 in Armour
114177 | Zig:6    | Identified the staff of earth "Rugepoug" {rN++}
114249 | Zig:7    | Entered Level 7 of a ziggurat
114290 | Zig:7    | Identified the +2 mace "Bamuvublue" {holy, Str+6}
114291 | Zig:7    | Identified the +6 plate armour of Happiness {rElec rF- rC+
                  | Int+3}
114450 | Zig:8    | Entered Level 8 of a ziggurat
114458 | Zig:8    | Reached skill level 15 in Armour
114621 | Zig:8    | Identified the amulet "Mishom" {Reflect Contam Str+5 SH+5}
114623 | Zig:8    | Identified the amulet "Joffofiw" {RegenMP rC+ Dex+2}
114656 | Zig:9    | Entered Level 9 of a ziggurat
114664 | Zig:9    | Noticed a dread lich
114664 | Zig:9    | Noticed a dread lich
114665 | Zig:9    | Noticed an ancient lich
114670 | Zig:9    | Killed a dread lich
114670 | Zig:9    | Killed a dread lich
114673 | Zig:9    | Killed an ancient lich
114686 | Zig:9    | Identified the amulet of Alocom {RegenMP Str+4 Int+6}
114689 | Zig:9    | Identified the ring of Vampiric Thralls {Wiz +Blink rC+
                  | rN++ Dex-5}
114693 | Zig:9    | Identified the +7 great mace "Zintuyse" {flame, rElec Str+3
                  | Int+5}
114694 | Zig:9    | Identified the +8 short sword of the Hummingbird
                  | {antimagic, Fly rElec Dex+4 Stlth-}
114815 | Zig:10   | Entered Level 10 of a ziggurat
114838 | Zig:10   | Identified the +5 mace of Resourcefulness {venom, Str+2}
114839 | Zig:10   | Identified the amulet of Sin {Spirit rPois rN+ rCorr}
114842 | Zig:10   | Identified the staff of poison "Pemeigag" {rPois rC- Will+
                  | Str+4}
114877 | Zig:11   | Entered Level 11 of a ziggurat
114883 | Zig:11   | Noticed a dread lich
114886 | Zig:11   | Noticed an ancient lich
114892 | Zig:11   | Killed an ancient lich
114893 | Zig:11   | Killed a dread lich
114905 | Zig:11   | Identified the ring of the King {Wiz rElec}
114907 | Zig:11   | Identified the +9 sling "Xaopnam" {freeze, Fly rPois
                  | Stlth-}
114910 | Zig:11   | Identified the ring "Lixtenga" {rPois rN+ Dex+5}
114959 | Zig:12   | Entered Level 12 of a ziggurat
115197 | Zig:12   | Identified the +6 dagger of the Past {elec, rElec rF- Dex+6
                  | Stlth+}
115206 | Zig:12   | Identified the +3 quick blade of the New World {venom,
                  | *Slow rF++ rCorr Str+3}
115320 | Zig:13   | Entered Level 13 of a ziggurat
115364 | Zig:13   | Identified the +2 hat "Nududesch" {rC+}
115500 | Zig:14   | Entered Level 14 of a ziggurat
115518 | Zig:14   | Found the +10 dark maul {heavy}
115540 | Zig:14   | Identified the staff of earth "Diadew" {Int+4}
115562 | Zig:14   | Identified the +1 morningstar of the Whelk {flame, Dex+3}
115724 | Zig:15   | Entered Level 15 of a ziggurat
115739 | Zig:15   | Paralysed by a floating eye for 3 turns
115956 | Zig:15   | Upgraded the game from 0.30-a0-1035-g38d5fb2972 to
                  | 0.30-a0-1043-g60ff8d5f49
115995 | Zig:16   | Entered Level 16 of a ziggurat
116021 | Zig:16   | Reached skill level 27 in Shields
117033 | Hell     | Killed Geryon
117040 | Hell     | Reached skill level 10 in Evocations
117150 | Hell     | Found a gateway to the Iron City of Dis.
117199 | Hell     | Found a gateway to the ashen valley of Gehenna.
117335 | Hell     | Found a gateway to the decaying netherworld of Tartarus.
117400 | Hell     | Found a gateway to the freezing wastes of Cocytus.
117514 | Geh:1    | Entered Level 1 of Gehenna
118602 | Geh:5    | Reached skill level 1 in Staves
118613 | Geh:5    | Reached skill level 5 in Staves
118920 | Geh:6    | Found a runed translucent gate.
118920 | Geh:6    | Found a runed translucent gate.
118920 | Geh:6    | Found a runed translucent gate.
118920 | Geh:6    | Found a runed translucent gate.
118920 | Geh:6    | Found a runed translucent gate.
118921 | Geh:6    | Found a runed translucent gate.
118921 | Geh:6    | Found a runed translucent gate.
118922 | Geh:6    | Found a runed translucent gate.
118922 | Geh:6    | Found a runed translucent gate.
118923 | Geh:6    | Found a runed translucent gate.
118923 | Geh:6    | Found a runed translucent gate.
118923 | Geh:6    | Found a runed translucent gate.
118991 | Geh:7    | Entered Level 7 of Gehenna
119260 | Geh:7    | Reached skill level 10 in Staves
119352 | Geh:7    | Reached skill level 15 in Evocations
119354 | Geh:7    | Noticed the Serpent of Hell
119382 | Geh:7    | Killed the Serpent of Hell
120534 | Geh:7    | Identified the +3 hand crossbow of Hiyraom {flame, *Slow
                  | rN+ rCorr Dex+6}
120576 | Geh:7    | Found the +7 sceptre of Asmodeus
120576 | Geh:7    | Noticed Asmodeus
120596 | Geh:7    | Killed Asmodeus
120614 | Geh:7    | Got an obsidian rune of Zot
120897 | Coc:1    | Entered Level 1 of Cocytus
121881 | Coc:7    | Entered Level 7 of Cocytus
122118 | Coc:7    | Noticed a dread lich
122127 | Coc:7    | Killed a dread lich
122388 | Coc:7    | Found the dreamshard necklace {*Dream Drain}
122413 | Coc:7    | Identified the staff of air "Bojuqus" {rElec rF+}
122414 | Coc:7    | Identified the staff of cold "Ociheuh" {rElec rC+ Str-3
                  | Int+2 Stlth+}
122675 | Coc:7    | Noticed Antaeus
122699 | Coc:7    | Killed Antaeus
122733 | Coc:7    | Identified the staff of death "Ufepnume" {rC+ rN+}
122735 | Coc:7    | Identified the staff of fire "Qun Fugal" {rElec rF+}
122738 | Coc:7    | Got an icy rune of Zot
122894 | Dis:1    | Entered Level 1 of the Iron City of Dis
123682 | Dis:5    | Reached skill level 15 in Hexes
123867 | Dis:7    | Entered Level 7 of the Iron City of Dis
124658 | Dis:7    | Noticed a juggernaut
124672 | Dis:7    | Killed a juggernaut
124766 | Dis:7    | Identified the +0 plate armour of Mumblety Peg {rN+}
124776 | Dis:7    | Identified the +4 ring mail "Yrysh" {Will- rCorr Int+6
                  | Stlth+}
125499 | Dis:7    | Noticed a juggernaut
125508 | Dis:7    | Killed a juggernaut
125690 | Dis:7    | Identified the +8 whip of Teibotu {venom, rElec MP+9 Int-4
                  | Dex+6}
125690 | Dis:7    | Noticed Dispater
125794 | Dis:7    | Killed Dispater
125876 | Dis:7    | Got an iron rune of Zot
126066 | Tar:1    | Entered Level 1 of Tartarus
126508 | Tar:4    | Noticed an ancient lich
126515 | Tar:4    | Killed an ancient lich
126698 | Tar:7    | Entered Level 7 of Tartarus
126870 | Tar:7    | Reached skill level 27 in Ice Magic
127043 | Tar:7    | Noticed Ereshkigal
127071 | Tar:7    | Killed Ereshkigal
127267 | Tar:7    | Got a bone rune of Zot
128208 | Temple   | Entered the Ecumenical Temple
128330 | D:4      | Killed Crazy Yiuf
128674 | Pan      | Entered the realm of Mnoleg.
128674 | Pan      | Entered Pandemonium
128691 | Pan      | Noticed Mnoleg
128701 | Pan      | Killed Mnoleg
128772 | Pan      | Gained mutation: You are frail. (-10% HP) [a shining eye]
128849 | Pan      | Got a glowing rune of Zot
128882 | Pan      | Lost mutation: You are frail. (-10% HP) [potion of
                  | mutation]
128882 | Pan      | Lost mutation: You expend magic power (3 MP) to strengthen
                  | your wands. [potion of mutation]
128882 | Pan      | Lost mutation: You possess an exceptional clarity of mind.
                  | [potion of mutation]
128882 | Pan      | Gained mutation: Armour fits poorly on your strangely
                  | shaped body. [potion of mutation]
128882 | Pan      | Gained mutation: Your flesh is cold resistant. (rC+)
                  | [potion of mutation]
128883 | Pan      | Lost mutation: You are partially covered in iridescent
                  | scales. (AC +2) [potion of mutation]
128883 | Pan      | Lost mutation: Your flesh is cold resistant. (rC+) [potion
                  | of mutation]
128883 | Pan      | Lost mutation: Armour fits poorly on your strangely shaped
                  | body. [potion of mutation]
128883 | Pan      | Gained mutation: You passively dampen the noise of your
                  | surroundings. [potion of mutation]
128883 | Pan      | Gained mutation: You are agile. (Dex +4, Str/Int -1)
                  | [potion of mutation]
129063 | Pan      | Noticed Esol the pandemonium lord
129071 | Pan      | Killed Esol the pandemonium lord
129101 | Pan      | Noticed Paduc the pandemonium lord
129129 | Pan      | Killed Paduc the pandemonium lord
129527 | Pan      | Found an exit through the horrors of the Abyss.
129717 | Depths:2 | Escaped Pandemonium
129725 | Pan      | Entered the realm of Gloorx Vloq.
129725 | Pan      | Entered Pandemonium
129969 | Pan      | Noticed Gloorx Vloq
129978 | Pan      | Killed Gloorx Vloq
129989 | Pan      | Got a dark rune of Zot
130125 | Pan      | Entered the realm of Lom Lobon.
130471 | Pan      | Noticed Lom Lobon
130480 | Pan      | Killed Lom Lobon
130501 | Pan      | Got a magical rune of Zot
130726 | Pan      | Found an exit through the horrors of the Abyss.
130753 | Pan      | Found an exit through the horrors of the Abyss.
130831 | Pan      | Found an exit through the horrors of the Abyss.
130897 | Depths:2 | Escaped Pandemonium
130900 | Pan      | Entered the realm of Cerebov.
130900 | Pan      | Entered Pandemonium
130993 | Pan      | Found the +6 sword of Cerebov {flame}
130993 | Pan      | Noticed Cerebov
131102 | Pan      | Identified the +7 morningstar of the New World {heavy,
                  | Dex+4}
131137 | Pan      | Killed Cerebov
131165 | Pan      | Got a fiery rune of Zot
131303 | Pan      | Found an exit through the horrors of the Abyss.
131485 | Pan      | Noticed Puymic the pandemonium lord
131496 | Pan      | Killed Puymic the pandemonium lord
131506 | Depths:2 | Escaped Pandemonium
131860 | Zot:5    | Paralysed by a Zot trap for 2 turns
131970 | Zot:5    | Noticed an orb of fire
131970 | Zot:5    | Noticed an orb of fire
131970 | Zot:5    | Noticed an orb of fire
131985 | Zot:5    | Killed an orb of fire
131986 | Zot:5    | Killed an orb of fire
131991 | Zot:5    | Killed an orb of fire
132140 | Zot:5    | Noticed a dread lich
132141 | Zot:5    | Noticed a dread lich
132146 | Zot:5    | Killed a dread lich
132146 | Zot:5    | Killed a dread lich
132279 | Zot:5    | Noticed an orb of fire
132288 | Zot:5    | Killed an orb of fire
132291 | Zot:5    | Noticed an orb of fire
132300 | Zot:5    | Killed an orb of fire
132516 | Zot:5    | Got the Orb of Zot
132539 | Zot:5    | Gained mutation: You possess an exceptional clarity of
                  | mind. [a cacodemon]
133013 | D:6      | Noticed Saubyvas the pandemonium lord
133017 | D:6      | Killed Saubyvas the pandemonium lord
133131 | D:$      | Escaped with the Orb!

Illustrated notes

Levels and vault maps discovered:
D:1:      spicycebolla_arrival_xxxplode, layout_rooms
D:2:      layout_loops_ring, shapermc_ecumenical_altar_mp_vishouse,
          uniq_jessica, uniq_natasha
D:3:      layout_basic, dk_vineyard_3, hangedman_decor_lopped
D:4:      layout_basic, amcnicky_altar_gilded,
          lemuel_mausoleum_altar_yredelemnul, trog_wizard,
          gammafunk_ghost_mausoleum, uniq_crazy_yiuf_cottage
D:5:      layout_loops_cross, kennysheep_mini_moat,
          mainiacjoe_overflow_boulevard, lemuel_tele_altar, zin_angel,
          nicolae_vehumet_radiance, minmay_temple_entry_ruins, uniq_menkaure
D:6:      layout_loops_corners, hangedman_minor_gate_pass
D:7:      layout_loops_corners
D:8:      layout_loops_ring
D:9:      layout_grid_maze, hangedman_decor_peaks_small, uniq_prince_ribbit1
D:10:     layout_gridville, orc_0_dummy, serial_shops, shop,
          eino_house_with_fridge
D:11:     layout_loops_ring, david_lair_generic, enter_trove_3, minivault_22,
          uniq_nergalle
D:12:     layout_layer_cave, uniq_lodul
D:13:     layout_cave_pods
D:14:     minmay_thinvault, layout_rooms, david_vaults_5,
          nicolae_uskayaw_suspiria, hellmonk_guarded_unrand_gong, uniq_roxanne,
          uniq_louise
D:15:     hangedman_depths_entry_civil_slaughter, layout_loops_corners,
          serial_bayou_lagoon_a
Temple:   compressed_dpeg_circular_temple
Lair:1:   layout_regular_city, uniq_amaemon, uniq_harold, uniq_fannar
Lair:2:   beast_lair_carwin_large_3, layout_cave_pods, minmay_swamp_entry_worms,
          kennysheep_snail_temple, serial_bayou_shore_b
Lair:3:   nzn_motion_control, layout_gridlike, dummy_spider_entry,
          grunt_forest_large_clearings
Lair:4:   gammafunk_mikee_crab_dinner, layout_loops_ring,
          dpeg_slime_entry_enclosed, portal_ice_cave_rime,
          gammafunk_lair_bear_cave
Lair:5:   guppyfry_lair_end_dragon, layout_gridlike,
          hangedman_lair_caniforms_friends
Swamp:1:  layout_basic_swamp, evilmike_swamp_ruin_house_5
Swamp:2:  layout_basic_swamp, evilmike_swamp_ruin_house_1,
          infiniplex_staircase_pool
Swamp:3:  cheibrodos_swamp_heart_of_darkness, layout_basic_swamp,
          nicolae_swamp_big_swirl
Swamp:4:  swamp_old_school, layout_basic_swamp
Spider:1: layout_chambers, nicolae_spider_wall_of_niches, uniq_jorgrun
Spider:2: layout_chambers, uniq_azrael
Spider:3: hangedman_creepy_crawlies, uniq_arachne, uniq_nikola, uniq_donald
Spider:4: grunt_spider_rune_circles
Slime:1:  layout_caves, nicolae_slime_getting_an_eyeful
Slime:2:  layout_caves
Slime:3:  layout_caves
Slime:4:  layout_caves, uniq_dissolution
Slime:5
Orc:1:    giant_chief_lemuel, layout_caves
Orc:2:    st_orc_elflike, layout_caves, uniq_maurice
Elf:1:    layout_loops_ring, serial_shops, nicolae_shop_trees,
          nicolae_shop_waterfront, nicolae_shop_advertising_works
          [nicolae_subvault_shop_adworks], nicolae_shop_crystal,
          nicolae_shop_hallway_stairs, orc_legates, minmay_misc_feat_ornament,
          minivault_25_ag, uniq_asterion
Elf:2:    elven_hall_of_blades_hangedman_alternative
          [nicolae_blade_entry_crossed_weapons], layout_geoelf_octagon,
          basic_altar, grunt_megastairs_2, minmay_shoptagon
Elf:3:    grunt_elf_hall_branching, layout_geoelf_castle, serial_shops,
          nicolae_shop_overgrown_old_shop
Vaults:1: nicolae_vaults_big_angled_halls, v_misc_8,
          nicolae_vaults_specimen_jars, dpeg_vaults_monster_box,
          dpeg_vaults_monster_row, v_rooms_1, v_rooms_6,
          nicolae_vaults_angled_halls, ontoclasm_vaults_twist,
          vaults_mumra_chevron, ontoclasm_vaults_ligature, v_misc_23,
          vaults_room_pools, vaults_dpeg_diagonal, v_misc_9,
          vaults_room_semicircle, layout_vaults_maze_snakey
Vaults:2: portal_desolation_entry_nicolae_nacl, nicolae_vaults_c_with_doors,
          nicolae_vaults_circle_grid_a, vaults_room_pool,
          minmay_crypt_entry_simple_corners, nicolae_vaults_network_barrier,
          hangedman_vaults_impose, v_pattern_1,
          nicolae_vaults_ring_of_whatevers, vaults_room_pool,
          grunt_vaults_focal, ontoclasm_vaults_gateway, layout_vaults_big_room
Vaults:3: nicolae_vaults_network_periphery, vaults_room_corners,
          hangedman_vaults_locks, v_rooms_6, dpeg_vaults_waves, v_misc_28,
          v_misc_29, nicolae_vaults_circle_grid_a, vaults_dpeg_hooks,
          nicolae_vaults_ring_of_whatevers, vaults_room_hallway,
          layout_vaults_ring, uniq_zenata
Vaults:4: nicolae_vaults_little_ls, hangedman_vaults_stitches,
          hangedman_vaults_nails, v_misc_25, vaults_mumra_minichess,
          vaults_room_semicircle, nicolae_vaults_border_crossing,
          layout_vaults_omnigrid, uniq_xtahua, uniq_sojobo
Vaults:5
Crypt:1:  layout_chaotic_city, grunt_megastairs_3, grunt_crypt_arrival_split,
          uniq_grunn, uniq_frederick
Crypt:2:  layout_rooms, grunt_megastairs_4
Crypt:3:  david_glass_crypt, layout_misc_corridors, tomb_entry_simple_bobbens,
          mu_enter_wizlab_7, st_shrine_of_skulls
Tomb:1
Tomb:2
Tomb:3
Depths:1: layout_gridville, pf_vacation_house_of_asmodeus, nicolae_diode_basic
Depths:2: minmay_guarded_unrand_majin_bo, layout_gridville, enter_ziggurat_e,
          grunt_decor_one_mirror, grunt_hell_horde, grunt_pan_entry_spiral,
          hangedman_glass_garden, serial_bayou_shore_a
Depths:3: minmay_complete_graph, layout_basic,
          nicolae_wu_jian_immortal_techniques, hell_entry, serial_shops,
          shop_fountains, nicolae_diamond_shop, nicolae_shop_behind_doors,
          nicolae_shop_crystal, shop, minmay_room_of_horrors
Depths:4: grunt_zot_entry_pinwheel, layout_small_grid, abyss_entry,
          serial_bayou_ford_a, serial_shops, nicolae_shop_crystal,
          nicolae_shop_hallway_stairs, hangedman_coc_ice_floe,
          minmay_shop_grove, serial_bayou_shore_b, uniq_josephina
Hell
Dis:1:    layout_gridville
Dis:2:    layout_gridville, nicolae_hells_hurtin_island
Dis:3:    layout_jigsaw, nicolae_dis_strange_trophy_room
Dis:4:    layout_overlapping_boxes
Dis:5:    layout_jigsaw, nicolae_dis_grated_feature
Dis:6:    layout_gridville
Dis:7:    dis_st
Geh:1:    layout_gehenna_pools_box, nicolae_geh_fourpack
Geh:2:    nicolae_geh_tyrants_menagerie, layout_gehenna_lava_caves
Geh:3:    layout_gehenna_pools_basic
Geh:4:    layout_gehenna_lava_caves
Geh:5:    layout_gehenna_pools_box
Geh:6:    layout_gehenna_pools_box, nicolae_geh_backdraft
Geh:7:    geh_old
Coc:1:    layout_ice_bergs
Coc:2:    nicolae_hells_giants_party, layout_cocytus_water_paths
Coc:3:    layout_cocytus_delve
Coc:4:    layout_cocytus_water_paths
Coc:5:    layout_cocytus_delve, nicolae_hells_seeping_fissure
Coc:6:    layout_cocytus_water_paths
Coc:7:    coc_grunt
Tar:1:    layout_catacombs
Tar:2:    nicolae_hells_demon_pit, layout_cathedral_of_symmetry
Tar:3:    layout_grid_maze, nicolae_tar_just_some_guys
Tar:4:    layout_cathedral_of_symmetry
Tar:5:    layout_grid_maze
Tar:6:    layout_honeycomb, nicolae_tar_honey_rotating
Tar:7:    tar_old
Zot:1:    layout_basic
Zot:2:    kennysheep_six_static_rooms, layout_misc_corridors, uniq_parghit
Zot:3:    layout_onion, st_stairs_3, hangedman_zot_decor_tridents
Zot:4:    layout_cathedral_of_symmetry
Zot:5:    layout_misc_corridors, guppyfry_library_mini

Skill      XL: |  1  2  3  4  5  6  7  8  9 10 11 12 13 14 15 16 17 18 19 20 21 22 23 24 25 26 27 |
---------------+----------------------------------------------------------------------------------+-----
Fighting       | 2 3 4 5 6 8 9 10 14 27 | 27.0
Ranged Weapons | 4 5 6 7 8 11 13 15 17 18 20 27 | 27.0
Dodging        | 3 6 9 12 14 16 19 21 27 | 27.0
Armour         | 2 6 9 16 | 16.3
Evocations     | 3 5 26 | 26.2
Necromancy     | 3 6 10 12 15 | 15.3
Transmutations | 3 6 10 13 15 19 20 | 20.2
Spellcasting   | 2 3 8 11 14 16 27 | 27.0
Shields        | 3 13 14 27 | 27.0
Earth Magic    | 3 |  3.1
Fire Magic     | 14 21 | 21.0
Conjurations   | 26 | 26.4
Ice Magic      | 27 | 27.0
Hexes          | 15 | 15.6
Staves         | 10 | 10.5
Stealth        | |  0.8

Action                     |  1- 3 |  4- 6 |  7- 9 | 10-12 | 13-15 | 16-18 | 19-21 | 22-24 | 25-27 || total
---------------------------+-------+-------+-------+-------+-------+-------+-------+-------+-------++-------
  Melee: Arbalest          |       |       |       |       |     1 |     2 |       |       |       ||     3
         Unarmed           |       |       |       |       |       |       |     3 |       |       ||     3
         Staff             |       |       |       |       |       |       |       |       |    56 ||    56
         Headbutt          |       |       |       |       |       |       |       |       |     3 ||     3
   Fire: Shortbow          |   117 |    35 |       |       |   124 |  1051 |       |       |       ||  1327
         Arbalest          |       |    84 |   306 |   681 |   956 |  1319 |   574 |  1262 |  2745 ||  7927
         Longbow           |       |       |    13 |       |       |       |       |       |       ||    13
         Hand crossbow     |       |       |       |       |       |       |  1255 |   221 |  3970 ||  5446
   Cast: Wereblood         |       |       |       |       |       |       |     8 |     5 |     5 ||    18
         Borgnjor's Vile C |       |       |       |       |       |       |       |    14 |   535 ||   549
         Necromutation     |       |       |       |       |       |       |       |       |   315 ||   315
         Ignition          |       |       |       |       |       |       |       |       |   144 ||   144
         Fire Storm        |       |       |       |       |       |       |       |       |   129 ||   129
         Polar Vortex      |       |       |       |       |       |       |       |       |   114 ||   114
         Discord           |       |       |       |       |       |       |       |       |     2 ||     2
Ability: End Transformatio |       |       |       |       |       |       |       |       |    16 ||    16
  Evoke: Condenser vane    |       |       |       |       |       |     2 |     1 |     3 |     5 ||    11
         Phantom mirror    |       |       |       |       |       |       |     3 |     2 |     9 ||    14
         Wand              |       |       |       |       |       |       |       |     3 |    11 ||    14
         Horn of Geryon    |       |       |       |       |       |       |       |       |     3 ||     3
         Figurine of a zig |       |       |       |       |       |       |       |       |     3 ||     3
         Box of beasts     |       |       |       |       |       |       |       |       |     1 ||     1
    Use: Scroll            |       |     4 |     4 |     8 |     9 |    17 |    17 |     4 |   127 ||   190
         Potion            |       |       |       |     2 |     5 |     1 |     6 |     5 |   149 ||   168
   Stab: Confused          |       |       |       |       |       |       |     2 |       |       ||     2
         Invisible         |       |       |       |       |       |       |       |       |     1 ||     1
 Armour: Leather armour    |    27 |    14 |    36 |    61 |   110 |    30 |       |       |       ||   278
         Steam dragon scal |       |       |     6 |    16 |       |       |       |       |       ||    22
         Robe              |       |       |       |       |       |   104 |    86 |    28 |   445 ||   663
         Skin              |       |       |       |       |       |       |     1 |       |       ||     1
  Dodge: Dodged            |    42 |    24 |   159 |   766 |  1005 |  2164 |  1382 |  1054 |  6775 || 13371
  Block: Kite shield       |       |       |       |       |       |       |   928 |   101 |  4475 ||  5504
         Reflection        |       |       |       |       |       |       |    46 |    16 |       ||    62

Table legend: (Time is in decaauts)
 A = Elapsed time spent in this place.
 B = Non-inter-level travel time spent in this place.
 C = Inter-level travel time spent in this place.
 D = Time resting spent in this place.
 E = Time spent auto-exploring this place.
 F = Levels seen in this place.
 G = Mean time per level.
                   A        B        C        D        E       F      G
               +--------+--------+--------+--------+--------+-----+--------+
         Total | 133955 | 120851 |  13104 |  32439 |  46993 | 211 |  634.9 |
       Dungeon |  20303 |  15324 |   4979 |   1677 |  10852 |  15 | 1353.5 |
        Temple |     85 |     77 |      8 |      0 |     65 |   1 |   85.0 |
          Lair |  10301 |   9041 |   1260 |   2540 |   3801 |   5 | 2060.2 |
         Swamp |   4015 |   3486 |    529 |    640 |   2147 |   4 | 1003.8 |
   Spider Nest |   7800 |   7301 |    499 |   1914 |   3572 |   4 | 1950.0 |
    Slime Pits |   2843 |   2571 |    272 |    738 |   1056 |   5 |  568.6 |
  Orcish Mines |   3161 |   2387 |    774 |    363 |   1306 |   2 | 1580.5 |
   Elven Halls |   3408 |   2961 |    447 |     57 |   2063 |   3 | 1136.0 |
        Vaults |   8135 |   7498 |    637 |    615 |   4805 |   5 | 1627.0 |
         Crypt |   4613 |   4208 |    405 |   1120 |   2032 |   3 | 1537.7 |
          Tomb |   5613 |   5176 |    437 |   1623 |   1935 |   3 | 1871.0 |
        Depths |   7798 |   6167 |   1631 |   1475 |   3639 |   4 | 1949.5 |
          Hell |    848 |    686 |    162 |    123 |    316 |   1 |  848.0 |
           Dis |   3086 |   2971 |    115 |   1159 |     33 |   7 |  440.9 |
       Gehenna |   3198 |   3039 |    159 |   1548 |    341 |   7 |  456.9 |
       Cocytus |   1923 |   1846 |     77 |    292 |    342 |   7 |  274.7 |
      Tartarus |   1553 |   1553 |      0 |    642 |      0 |   7 |  221.9 |
           Zot |   7458 |   6752 |    706 |   1094 |   4064 |   5 | 1491.6 |
         Abyss |   9043 |   9043 |      0 |    843 |   2978 |  10 |  904.3 |
   Pandemonium |   9484 |   9484 |      0 |   3521 |    921 |  23 |  412.3 |
      Ziggurat |  15302 |  15302 |      0 |   9196 |      0 |  86 |  177.9 |
         Trove |     95 |     95 |      0 |      0 |      0 |   1 |   95.0 |
      Ice Cave |   1149 |   1149 |      0 |    514 |    193 |   1 | 1149.0 |
        Wizlab |    827 |    827 |      0 |    197 |    206 |   1 |  827.0 |
    Desolation |   1903 |   1903 |      0 |    544 |    323 |   1 | 1903.0 |
               +--------+--------+--------+--------+--------+-----+--------+

Top non-repeatable levels by time:
 Abyss:1: 3403 daAuts
  Tomb:1: 3259 daAuts
Spider:3: 2983 daAuts
Depths:3: 2873 daAuts
    D:11: 2657 daAuts
  Lair:4: 2246 daAuts
 Abyss:3: 2211 daAuts
  Lair:3: 2196 daAuts
  Lair:2: 2150 daAuts
    D:15: 2127 daAuts
   Dis:7: 2109 daAuts
 Abyss:2: 2107 daAuts
 Crypt:3: 2069 daAuts
  Lair:1: 2021 daAuts
Spider:1: 2000 daAuts
